 Dungeon Crawl Stone Soup version 0.23-a0-702-gd214142 (webtiles) character file.

795998 Firecrotchwizard the Conqueror (level 27, -29/298 HPs)
             Began as a Deep Dwarf Fighter on Jan 12, 2019.
             Was the Champion of the Shining One.
             Killed from afar by a Hell Sentinel (32 damage)
             ... with damnation
             ... on level 7 of the Iron City of Dis.
             The game lasted 04:10:30 (60785 turns).

Firecrotchwizard the Conqueror (DDFi)              Turns: 60785, Time: 04:10:30

Health: -29/298    AC: 45    Str: 34    XL:     27
Magic:  8/8        EV: 13    Int: 11    God:    the Shining One [******]
Gold:   5147       SH: 18    Dex: 10    Spells: 41/41 levels left

rFire    + . .     SeeInvis .   a - +9 broad axe (holy) {!w}
rCold    + . .     Gourm    .   g - +1 shield {reflect}
rNeg     + + +     Faith    .   N - +8 gold dragon scales
rPois    +         Spirit   .   O - +2 hat {MR+}
rElec    +         Reflect  +   X - +1 cloak {+Inv}
rCorr    .         Harm     .   j - +1 pair of gloves "Joahu" {MR+}
MR       +++++                  t - +0 pair of boots {Fly}
Stlth    ..........             l - amulet of the acrobat
HPRegen  0.00/turn              o - ring "Otosij" {rPois rN+ Str-3 Slay+3 Stlth+}
MPRegen  0.11/turn              H - ring of Adoocs {+Fly Str+6 Slay+4}

@: flying, non-regenerating, glowing
A: damage resistance, heal wounds, beak, horns 1, clumsy 1, negative energy
resistance 1, sense surroundings 3, electricity resistance, no regeneration
}: 6/15 runes: barnacled, slimy, silver, icy, abyssal, gossamer
a: Heal Wounds, Divine Shield, Cleansing Flame, Summon Divine Warrior, Renounce
Religion, Evoke Invisibility, Stop Flying


You were on level 7 of the Iron City of Dis.
You worshipped the Shining One.
The Shining One was exalted by your worship.
You were not hungry.

You visited 14 branches of the dungeon, and saw 66 of its levels.
You visited the Abyss 2 times.
You also visited: Bailey and Ice Cave.

You collected 7742 gold pieces.
You spent 2595 gold pieces at shops.

Inventory:

Hand Weapons
 a - a +9 broad axe of holy wrath (weapon) {!w}
   (You acquired it on level 10 of the Dungeon)
 b - a +5 broad axe of flaming
   (You took it off a hell knight on level 2 of the Depths)
 z - the +12 broad axe "Ikkeodd" {freeze, Dex+6}
   (You found it on level 13 of the Dungeon)

   It has been specially enchanted to freeze those struck by it, causing extra
   injury to most foes and up to half again as much damage against particularly
   susceptible opponents.
   It can also slow down cold-blooded creatures.
   It affects your dexterity (+6).
Missiles
 C - 27 tomahawks (quivered)
 R - 2 throwing nets {=f, !d}
 S - 5 curare-tipped needles
 Z - 10 silver tomahawks
Armour
 g - a +1 shield of reflection (worn)
   (You took it off a tengu warrior on level 2 of the Depths)
 j - the +1 pair of gloves "Joahu" (worn) {MR+}
   (You found it on level 2 of the Spider Nest)

   It affects your resistance to hostile enchantments.
 t - a +0 pair of boots of flying (worn)
   (You found it on level 3 of the Crypt)
 N - +8 gold dragon scales (worn)
   (You found it on level 5 of the Vaults)
 O - a +2 hat of magic resistance (worn)
   (You took it off Gastronok on level 3 of the Lair of Beasts)
 X - a +1 cloak of invisibility (worn)
   (You found it on level 5 of the Pits of Slime)
Jewellery
 l - an amulet of the acrobat (around neck)
   (You found it on level 5 of the Vaults)
 o - the ring "Otosij" (left hand) {rPois rN+ Str-3 Slay+3 Stlth+}
   (You took it off an orc on level 5 of the Vaults)

   [ring of stealth]

   It affects your strength (-3).
   It affects your accuracy and damage with ranged weapons and melee attacks
   (+3).
   It protects you from poison.
   It protects you from negative energy.
   It makes you more stealthy.
 A - an uncursed ring of protection from fire {rF+, !d}
   (You took it off an ironbrand convoker on level 5 of the Vaults)
 H - the ring of Adoocs (right hand) {+Fly Str+6 Slay+4}
   (You took it off an orc warrior on level 5 of the Vaults)

   [ring of slaying]

   It affects your strength (+6).
   It affects your accuracy and damage with ranged weapons and melee attacks
   (+4).
   It lets you fly.
Wands
 c - a wand of paralysis (8)
   (You found it on level 5 of the Depths)
 d - a wand of digging (12)
   (You found it on level 3 of the Lair of Beasts)
 e - a wand of scattershot (1)
   (You found it on level 15 of the Dungeon)
 q - a wand of acid (4)
   (You found it on level 6 of the Lair of Beasts)
 u - a wand of iceblast (16)
   (You found it on level 13 of the Dungeon)
Scrolls
 h - 3 scrolls of magic mapping {!r}
 i - 28 scrolls of remove curse
 m - 2 scrolls of silence
 n - 2 scrolls of summoning
 v - 13 scrolls of fog
 w - 28 scrolls of teleportation
 y - 9 scrolls of identify
 E - 3 scrolls of fear
 I - 2 scrolls of amnesia
 V - 6 scrolls of blinking {!r}
 Y - 4 scrolls of enchant weapon
Potions
 p - 4 potions of invisibility
 r - 16 potions of curing
 s - 2 potions of flight
 x - a potion of heal wounds
 B - 5 potions of mutation {!q}
 G - 2 potions of brilliance
 L - 2 potions of berserk rage {!q}
 M - 3 potions of ambrosia
 T - 2 potions of might
 U - 3 potions of resistance
Miscellaneous
 D - 3 boxes of beasts
 F - 2 phantom mirrors
 J - a sack of spiders
 P - a lamp of fire
   (You found it on level 5 of the Vaults)
 Q - a lightning rod (4/4)
   (You found it on level 4 of the Depths)
 W - a phial of floods
   (You found it on level 14 of the Dungeon)
Comestibles
 f - 64 rations


   Skills:
 O Level 27 Fighting
 + Level 20.3 Axes
 - Level 4.6 Throwing
 O Level 27 Armour
 + Level 12.9 Dodging
 - Level 20.3 Shields
 + Level 7.7 Spellcasting
 + Level 19.8 Invocations
 - Level 15.0 Evocations


You had 41 spell levels left.
You didn't know any spells.
Your spell library contained the following spells:

 Spells                   Type           Power        Failure   Level  Hunger
 Animate Skeleton         Necr           N/A          56%         1    None
 Apportation              Tloc           #.....       56%         1    None
 Confusing Touch          Hex            #.....       56%         1    None
 Flame Tongue             Conj/Fire      #....        56%         1    None
 Infusion                 Chrm           #...         56%         1    None
 Pain                     Necr           #...         56%         1    None
 Shock                    Conj/Air       #...         56%         1    None
 Sting                    Conj/Pois      #...         56%         1    None
 Summon Butterflies       Summ           #.......     56%         1    None
 Summon Small Mammal      Summ           #...         56%         1    None
 Blink                    Tloc           N/A          71%         2    #......
 Corpse Rot               Necr           N/A          71%         2    #......
 Poisonous Vapours        Pois/Air       #.....       71%         2    #......
 Shroud of Golubria       Chrm/Tloc      #.........   71%         2    #......
 Song of Slaying          Chrm           #.......     71%         2    #......
 Sublimation of Blood     Necr           #.........   71%         2    #......
 Throw Flame              Conj/Fire      #.....       71%         2    #......
 Conjure Flame            Conj/Fire      #.......     91%         3    ###....
 Gell's Gravitas          Tloc           #.........   91%         3    ###....
 Ignite Poison            Fire/Tmut/Pois #.......     91%         3    ###....
 Inner Flame              Hex/Fire       #.......     91%         3    ###....
 Lesser Beckoning         Tloc           #.........   91%         3    ###....
 Mephitic Cloud           Conj/Pois/Air  #.......     91%         3    ###....
 Spectral Weapon          Hex/Chrm       #.......     91%         3    ###....
 Static Discharge         Conj/Air       #.......     91%         3    ###....
 Stone Arrow              Conj/Erth      #.....       91%         3    ###....
 Teleport Other           Tloc           #.......     91%         3    ###....
 Tukima's Dance           Hex            #.......     91%         3    ###....
 Vampiric Draining        Necr           #.........   91%         3    ###....
 Animate Dead             Necr           N/A          100%        4    ####...
 Cause Fear               Hex            #.........   100%        4    ####...
 Leda's Liquefaction      Hex/Erth       #.........   100%        4    ####...
 Olgreb's Toxic Radiance  Pois           #.......     100%        4    ####...
 Passage of Golubria      Tloc           N/A          100%        4    ####...
 Petrify                  Tmut/Erth      #.......     100%        4    ####...
 Sticky Flame             Conj/Fire      #.......     100%        4    ####...
 Agony                    Necr           #.......     100%        5    ######.
 Alistair's Intoxication  Tmut/Pois      #.......     100%        5    ######.
 Bolt of Draining         Conj/Necr      #.........   100%        5    ######.
 Bolt of Magma            Conj/Fire/Erth #.........   100%        5    ######.
 Dispel Undead            Necr           #.......     100%        5    ######.
 Excruciating Wounds      Chrm/Necr      #.........   100%        5    ######.
 Fireball                 Conj/Fire      #.........   100%        5    ######.
 Irradiate                Conj/Tmut      #.........   100%        5    ######.
 Lightning Bolt           Conj/Air       #.........   100%        5    ######.
 Silence                  Hex/Air        #.........   100%        5    ######.
 Summon Forest            Summ/Tloc      #.........   100%        5    ######.
 Venom Bolt               Conj/Pois      #.........   100%        5    ######.
 Yara's Violent Unravell  Hex/Tmut       #.........   100%        5    ######.
 Bolt of Cold             Conj/Ice       #.........   100%        6    #######
 Deflect Missiles         Chrm/Air       #.........   100%        6    #######
 Freezing Cloud           Conj/Ice/Air   #.........   100%        6    #######
 Hydra Form               Tmut           #.........   100%        6    #######
 Invisibility             Hex            #.......     100%        6    #######
 Iron Shot                Conj/Erth      #.........   100%        6    #######
 Poison Arrow             Conj/Pois      #.........   100%        6    #######
 Statue Form              Tmut/Erth      #........    100%        6    #######
 Ring of Flames           Chrm/Fire      #.........   100%        7    #######
 Summon Hydra             Summ           #.........   100%        7    #######
 Chain Lightning          Conj/Air       #.........   100%        8    #######
 Discord                  Hex            #.........   100%        8    #######
 Disjunction              Tloc           #.........   100%        8    #######
 Ignition                 Fire           #.........   100%        8    #######
 Lehudib's Crystal Spear  Conj/Erth      #.........   100%        8    #######
 Fire Storm               Conj/Fire      #.........   100%        9    #######
 Glaciate                 Conj/Ice       #.........   100%        9    #######
 Shatter                  Erth           #.........   100%        9    #######
 Tornado                  Air            #.........   100%        9    #######
 Regeneration             Chrm/Necr      Unusable     N/A         3    N/A

Dungeon Overview and Level Annotations

Branches:
Dungeon (15/15)            Temple (1/1) D:4            Lair (6/6) D:9
 Shoals (4/4) Lair:2       Spider (4/4) Lair:3        Slime (5/5) Lair:6
    Orc (2/2) D:12            Elf (1/3) Orc:2        Vaults (5/5) D:14
  Crypt (3/3) Vaults:3       Tomb (0/3) Crypt:3      Depths (5/5) D:15
   Hell (1/1)                 Dis (7/7) Hell            Geh (0/7) Hell
    Coc (7/7) Hell            Tar (0/7) Hell            Zot (0/5) Depths:5

Altars:
Ashenzari
Cheibriados
Dithmenos
Elyvilon
Fedhas
Gozag
Hepliaklqana
Kikubaaqudgha
Makhleb
Nemelex Xobeh
Okawaru
Qazlal
Ru
Sif Muna
Trog
Uskayaw
Vehumet
Xom
Yredelemnul
Zin
The Shining One
Beogh
Lugonu

Shops:
D:10 *   Orc:2 =!(}   Shoals:3 *   Vaults:3 :   Vaults:4 [   Vaults:5 ?
Depths:4 %*   Depths:5 !

Portals:
Hell: Depths:1 Depths:2 Depths:3 Depths:4 Depths:5
Abyss: Depths:2 Depths:3 Depths:4 Depths:5
Pandemonium: Depths:2 Depths:3 Depths:5
Ziggurat: Depths:2

Annotations:
D:3 exclusion: oklob plant
D:6 3 runed doors, BoppinsLewinski's ghost, novice MfFi
D:10 2 runed doors
D:15 Roxanne
Lair:2 3 runed door runed axe, come back with fire axe
Lair:4 2 runed doors, Qooj Emeq's ghost, journeyman MiGl
Shoals:2 2 transporters, CHODE's ghost, journeyman HOFi
Depths:2 exclusions: 2 ancient liches and 2 more exclusions
Coc:7 exclusion: ice statue


Innate Abilities, Weirdness & Mutations

You are resistant to damage.
You can heal yourself by infusing magical energy.
You resist negative energy. (rN+)
You passively map a large area around you.
You do not regenerate.
You have a beak for a mouth.
You have a pair of small horns on your head.
You are clumsy. (Dex -2)
You are resistant to electric shocks. (rElec)


Message History

You headbutt the green death!
You kill the green death!
The Shining One accepts your kill.
You feel better.
You regained 2 hp, and now have 66/298 hp.
There is an open door here.
You reach down and open the door. 2 iron golems and a rust devil come into view.
The rust devil screeches!
You hear a shout!
An iron troll comes into view.
The iron golem moves out of view.
An iron imp comes into view.
The iron troll shouts!
The iron imp shouts, "Take thy face hence, thou fawning beef-witted scut!"
There is an open door here.
The iron golem barely misses you. The rust devil barely misses you.
You block the iron imp's attack.
You hit the iron imp.
The iron imp convulses.
You headbutt the iron imp. Your peck misses the iron imp.
You slice the rust devil!!
The rust devil convulses!!
You kill the rust devil!
The Shining One accepts your kill.
You feel better.
You slice the iron golem!!
The iron imp picks up a beetle and eats it.
You block the iron imp's attack. The iron golem misses you.
You regained 12 hp, and now have 78/298 hp.
You carve the iron imp like a ham!!!
You kill the iron imp!
The Shining One accepts your kill.
You slice the iron golem!! You slash the iron golem! The iron troll misses you.
The iron troll barely misses you. You block the iron troll's attack.
You block the iron golem's attack. x2
You chop the iron troll into pieces!!! You headbutt the iron troll!
You peck the iron troll.
You hit the iron golem but do no damage.
You slash the iron golem!
The iron troll bites you but does no damage.
You block the iron troll's attack. x2
You slice the iron troll!!
You kill the iron troll!
You hit the iron golem but do no damage. x2
The iron golem completely misses you. The iron golem closely misses you.
You slice the iron golem!! You peck the iron golem! You slash the iron golem!
You chop the iron golem into pieces!!! You headbutt the iron golem.
You peck the iron golem. You slash the iron golem!
The iron golem hits you but does no damage.
The iron golem hits you!
* * * LOW HITPOINT WARNING * * *
You take 12 damage, and have 66/298 hp.
You slice the iron golem!!
You destroy the iron golem!
You hit the iron golem but do no damage.
You slash the iron golem!
You headbutt the iron golem, but do no damage.
You peck the iron golem.
The iron golem hits you but does no damage.
You hit the iron golem. You headbutt the iron golem! You peck the iron golem.
You slice the iron golem!! The iron golem hits you!
* * * LOW HITPOINT WARNING * * *
You take 10 damage, and have 56/298 hp.
You hit the iron golem but do no damage.
You peck the iron golem, but do no damage.
You hit the iron golem. The iron golem closely misses you.
You hit the iron golem but do no damage.
You headbutt the iron golem, but do no damage.
You slice the iron golem!! You headbutt the iron golem!
You peck the iron golem!
You destroy the iron golem!
You sense an ancient evil watching you...
A tormentor comes into view.
You slash the tormentor!
The tormentor convulses!
You headbutt the tormentor!
You kill the tormentor!
The Shining One accepts your kill.
You reach down and open the door.
There is an open door here.
You reach down and open the door. 2 Hell Sentinels come into view.
The Hell Sentinel roars! x2
The Hell Sentinel gestures at you.
The sphere of damnation explodes!
The damnation engulfs you!
* * * LOW HITPOINT WARNING * * *
You take 30 damage, and have 26/298 hp.
There is an open door here.
You slash the Hell Sentinel!
The Hell Sentinel convulses!
You headbutt the Hell Sentinel! The Hell Sentinel gestures at you.
The sphere of damnation explodes!
The damnation engulfs you!
* * * LOW HITPOINT WARNING * * *
The damnation engulfs the Hell Sentinel.
The Hell Sentinel completely resists.
You take 23 damage, and have 3/298 hp.
You hit the Hell Sentinel but do no damage.
You peck the Hell Sentinel, but do no damage.
The Hell Sentinel gestures at you.
The sphere of damnation explodes!
The damnation engulfs the Hell Sentinel.
The Hell Sentinel completely resists.
The damnation engulfs the Hell Sentinel.
The Hell Sentinel completely resists.
The damnation engulfs you!
You die...

#.....# **, , * ,
#...###+## 8 ,,*
#....#...# ,, *
#...##...## , *
#....#.8..+ ,
#....#.8..+,, ,
#..)##.1.#*, , ,*,
#....#.1.# , ,,8 *
#...###@## * , *
#.....#..# * , *
#.....##.## * * *
#......#..## , ,
#....).##..##* * * #
#.......##..############
#........##...#...†..#..
#.........###.'......'.#
#...........###......###


You could see 2 Hell Sentinels.

Vanquished Creatures
  Antaeus (Coc:7)
  the Royal Jelly (Slime:5)
  the Serpent of Hell (Dis:7)
  Khufu (Crypt:3)
  Mennas (Vaults:3)
  3 juggernauts
  2 ancient liches
  Sojobo (Crypt:1)
  15 shard shrikes
  Geryon (Hell)
  7 golden dragons
  Nikola (Spider:2)
  7 bone dragons
  A profane servitor (Crypt:3)
  2 Tzitzimimeh (Dis:3)
  A Brimstone Fiend (Dis:7)
  4 liches
  8 tentacled monstrosities
  Rupert (D:14)
  10 iron giants
  15 Ice Fiends
  7 Hell Sentinels
  3 quicksilver dragons
  2 eldritch tentacles
  An acid blob (shapeshifter) (Vaults:5)
  2 titans
  5 Executioners
  A kraken (Shoals:4)
  7 shadow dragons
  Gastronok (Lair:3)
  28 acid blobs
  19 ancient champions
  4 tentacled starspawn
  Polyphemus (Shoals:2)
  Ilsuiw (Shoals:2)
  6 sphinxes
  2 revenants
  11 tengu reavers
  A draconian monk (Depths:5)
  A storm dragon (Vaults:5)
  13 azure jellies
  4 fire giants
  Kirke (Lair:5)
  10 iron dragons
  7 ghost moths
  10 frost giants
  A deep elf sorcerer (Vaults:5)
  11 vault wardens
  5 balrugs
  4 ghouls
  3 cacodemons
  6 emperor scorpions
  37 reapers
  A curse skull (Crypt:1)
  3 elemental wellsprings
  9 ironheart preservers
  2 spriggan defenders (Depths:4)
  A deep elf elementalist (Depths:4)
  20 stone giants
  A draconian annihilator (Depths:5)
  2 green draconians (Depths:5)
  12 very ugly things
  3 vampire knights
  19 war gargoyles
  3 entropy weavers
  A deep elf demonologist (Depths:4)
  2 lorocyprocas
  A deep elf annihilator (Vaults:5)
  2 purple draconians (Depths:5)
  2 dire elephants
  A minotaur (Shoals:2)
  A white draconian (Depths:5)
  15 spark wasps
  7 green deaths
  2 eidola
  Snorg (D:13)
  27 blizzard demons
  2 mummy priests (Crypt:3)
  5 merfolk impalers
  6 merfolk javelineers
  2 deep elf high priests
  Josephine (Lair:5)
  3 deep elf death magi
  5 death oozes (Slime:5)
  9 yaktaur captains
  22 jiangshi
  24 fire dragons
  4 quicksilver dragon zombies
  12 ettins
  3 rakshasas
  16 great orbs of eyes
  Fannar (Lair:1)
  28 ice dragons
  The ghost of tatocazan the Destroyer, a journeyman GrFE of Vehumet (Lair:2)
  7 spriggan air magi
  2 quicksilver dragon skeletons
  2 hell beasts
  30 vault guards
  4 catoblepae
  5 hydras
  5 merfolk avatars
  6 centaur warriors
  An alligator snapping turtle (Shoals:3)
  3 dancing weapons (Elf:1)
  13 ogre magi
  A satyr (shapeshifter) (Depths:4)
  6 death knights
  2 merfolk aquamancers
  36 two-headed ogres
  6 deep troll shamans
  6 death yaks
  3 deep troll earth magi
  A satyr (Shoals:2)
  3 spriggan berserkers
  8 tengu warriors
  8 death scarabs (Spider:4)
  5 vampire magi
  6 hell hogs (Hell)
  5 titan zombies
  4 thrashing horrors
  Urug (Orc:2)
  5 orc high priests (Orc:2)
  6 soul eaters
  10 deep elf knights
  5 sun demons
  A fire crab (shapeshifter) (Vaults:5)
  A sixfirhy (Abyss:3)
  7 storm dragon zombies
  4 titan skeletons
  8 wretched stars
  5 iron golems
  14 anaconda zombies
  5 shadow wraiths
  149 skeletal warriors
  28 hell knights
  19 deep trolls
  12 iron trolls
  6 unseen horrors
  6 golden dragon zombies
  A glowing orange brain (shapeshifter) (Vaults:5)
  A spatial maelstrom (Abyss:1)
  44 starcursed masses
  6 storm dragon skeletons
  7 glowing orange brains
  6 wizards
  10 deep elf archers
  9 sea snakes
  3 shadow demons
  2 kraken simulacra (Coc:7)
  13 flayed ghosts
  7 spectral wolf spiders (Spider:4)
  11 ironbrand convokers
  6 anaconda skeletons
  24 orc knights
  A swamp dragon (shapeshifter) (Abyss:4)
  9 large abominations
  14 phantasmal warriors
  6 iron dragon zombies
  15 necromancers
  A lindwurm (Lair:6)
  6 stone giant zombies
  14 harpies
  7 fire giant zombies
  3 oklob plants (Lair:6)
  4 golden dragon skeletons
  10 cyclopes
  6 orc sorcerers
  18 orb spiders
  48 ugly things
  31 deep elf magi
  8 shining eyes
  8 fauns
  4 wolf spider zombies
  30 wolf spiders
  111 slime creatures
  11 manticores
  A shining eye (shapeshifter) (Abyss:4)
  A salamander (shapeshifter) (Vaults:4)
  2 iron dragon skeletons
  A moth of wrath (shapeshifter) (Depths:5)
  3 moths of wrath
  5 frost giant zombies
  A worldbinder (Abyss:4)
  A salamander (D:15)
  A shock serpent zombie (Dis:7)
  5 shadow dragon skeletons
  2 ice statues
  2 frost giant skeletons
  2 elephants
  4 water nymphs
  A water nymph (shapeshifter) (Depths:5)
  36 rust devils
  3 stone giant skeletons
  A molten gargoyle (Hell)
  5 black mambas
  10 merfolk sirens
  7 torpor snails
  A guardian serpent (shapeshifter) (Depths:2)
  5 orange demons
  2 dire elephant zombies
  8 vault sentinels
  2 eyes of devastation
  6 titan simulacra
  10 spiny frogs
  A torpor snail (shapeshifter) (Abyss:4)
  2 dire elephant skeletons
  6 smoke demons
  2 gargoyles
  5 rime drakes
  A yaktaur zombie (Vaults:2)
  A shock serpent skeleton (Coc:1)
  13 hellions
  A catoblepas zombie (Dis:6)
  36 tormentors
  2 spectral redbacks (Spider:4)
  5 storm dragon simulacra (Coc:7)
  3 emperor scorpion zombies
  38 freezing wraiths
  9 komodo dragons
  A minotaur zombie (Coc:4)
  5 tengu conjurers
  A golden dragon simulacrum (IceCv)
  A green draconian skeleton (Crypt:1)
  2 komodo dragons (shapeshifter)
  26 yaktaurs
  A black draconian skeleton (Crypt:2)
  11 anaconda simulacra
  18 demonic crawlers
  An efreet (Abyss:3)
  A hellwing (Depths:2)
  25 hydra zombies
  6 ancient zymes
  7 guardian mummies (Crypt:3)
  16 red devils
  A sea snake skeleton (Crypt:1)
  2 minotaur skeletons
  2 meliai (shapeshifter)
  21 merfolk
  48 ice devils
  7 trolls
  9 hornets
  A queen bee (shapeshifter) (Depths:4)
  2 harpy zombies
  6 meliai
  2 wind drakes (shapeshifter)
  27 jumping spiders
  4 polar bears
  A spectral jumping spider (Spider:4)
  A wolf spider simulacrum (Coc:5)
  4 bog bodies (Coc:7)
  A harpy skeleton (Coc:7)
  A jumping spider (shapeshifter) (Vaults:3)
  8 hydra skeletons
  14 blink frogs
  8 raiju
  A spectral manticore (Crypt:3)
  13 hippogriffs
  2 tarantella zombies (Spider:4)
  11 dream sheep
  5 wind drakes
  2 fire dragon zombies
  5 ice dragon zombies
  A spectral tarantella (Spider:4)
  A frost giant simulacrum (Coc:5)
  11 alligator zombies
  4 snapping turtles
  2 stone giant simulacra (Hell)
  3 alligator skeletons
  2 jumping spider zombies
  8 ettin zombies
  3 black mamba zombies
  5 fire dragon skeletons
  2 spriggans
  A meliai zombie (D:13)
  118 flying skulls
  A guardian serpent skeleton (Crypt:2)
  2 spriggans (shapeshifter)
  56 redbacks
  16 shadows
  2 ynoxinuls
  5 ettin skeletons
  54 tarantellas
  4 wyverns
  16 water elementals
  22 wraiths
  2 ice dragon skeletons
  A wind drake zombie (Crypt:1)
  8 humans (D:14)
  3 human simulacra
  2 black mamba skeletons
  5 vampires
  8 fire elementals (Hell)
  3 basilisks
  17 golden eyes
  A dire elephant simulacrum (IceCv)
  37 yaks
  A hog (shapeshifter) (Depths:3)
  2 golden eyes (shapeshifter)
  A steam dragon (Lair:4)
  A neqoxec (Abyss:4)
  2 hungry ghosts
  6 hogs (Lair:5)
  7 vampire mosquitoes
  A chaos spawn (Abyss:4)
  A merfolk zombie (Coc:1)
  A warg (shapeshifter) (Vaults:3)
  11 hydra simulacra
  9 spiny frog zombies
  9 wargs
  3 acid dragons
  3 harpy simulacra (IceCv)
  A soldier ant (D:12)
  A floating eye (shapeshifter) (Depths:5)
  7 porcupines
  A glowing shapeshifter zombie (Crypt:1)
  20 hell hounds
  A floating eye (Depths:3)
  13 water moccasins
  6 hornet zombies
  15 ice beasts
  5 spectral hornets (Spider:4)
  5 phantoms
  12 spiny frog skeletons
  A deep troll skeleton (Vaults:3)
  An eye of draining (shapeshifter) (Vaults:2)
  72 orc warriors
  A snapping turtle zombie (Coc:1)
  3 alligator simulacra
  35 ogres
  An elf zombie (Vaults:2)
  4 human zombies (Vaults:3)
  A swamp dragon zombie (Coc:1)
  3 manticore zombies
  2 sky beasts
  3 ettin simulacra
  7 boggarts
  8 eyes of draining
  6 necrophages
  An orc zombie (Vaults:2)
  22 wolves
  15 centaurs
  11 crocodiles
  6 human skeletons
  A manticore skeleton (Coc:7)
  2 snapping turtle skeletons
  5 big kobolds
  8 small abominations
  24 bullfrogs
  An ogre simulacrum (Vaults:1)
  A komodo dragon skeleton (Crypt:1)
  4 spiny frog simulacra
  7 scorpions
  A swamp dragon simulacrum (IceCv)
  7 killer bees (D:12)
  10 electric eels
  32 wights
  A howler monkey (D:4)
  7 crimson imps
  A wolf skeleton (Crypt:2)
  4 centaur zombies
  4 draconian simulacra (IceCv)
  5 quasits
  5 jellies
  A bullfrog skeleton (D:6)
  40 orc priests
  3 centaur skeletons
  4 hounds
  32 iron imps
  30 orc wizards
  A black bear skeleton (Crypt:1)
  6 iguanas
  8 worker ants
  5 hell rats (Lair:4)
  2 lightning spires (Abyss:4)
  2 polar bear simulacra (IceCv)
  A troll simulacrum (IceCv)
  A naga zombie (Dis:1)
  An ogre skeleton (Coc:7)
  5 mummies
  A howler monkey zombie (D:5)
  A howler monkey skeleton (D:9)
  7 gnolls
  16 adders
  3 naga simulacra (IceCv)
  5 river rats (Lair:4)
  3 shadow imps
  18 white imps
  8 ufetubi (IceCv)
  2 adder zombies (D:9)
  An iguana skeleton (Crypt:2)
  3 oozes
  2 adder skeletons
  A lava snake skeleton (Crypt:2)
  3 worms
  2 dart slugs
  6 leopard geckos
  141 orcs
  2 ball pythons (D:6)
  6 giant cockroaches
  13 goblins
  5 hobgoblins
  10 jackals
  4 quokkas
  5 bats
  2 frilled lizards
  A giant cockroach zombie (D:5)
  A jackal zombie (Crypt:2)
  23 kobolds
  A kobold zombie (Dis:1)
  A leopard gecko skeleton (D:6)
  19 rats
  A river rat skeleton (Crypt:1)
  A crawling corpse (Depths:4)
  16 fungi
  A lurking horror (Abyss:3)
  9 plants
  5 starspawn tentacles
  3 tentacles (Coc:7)
3548 creatures vanquished.

Vanquished Creatures (collateral kills)
  2 hydras (Lair:6)
  A rakshasa (Vaults:3)
  An alligator snapping turtle (Shoals:4)
  Joseph (Lair:1)
  A water nymph (Shoals:4)
  A spiny frog (Lair:6)
  A yaktaur (Vaults:3)
  An ice devil (IceCv)
  A demonic crawler (Spider:2)
  5 blink frogs (Lair:4)
  A slime creature (Slime:5)
  A dream sheep (Lair:6)
  A human simulacrum (Vaults:3)
  2 redbacks (Spider:2)
  A water elemental (Shoals:4)
  2 yaks (Lair:4)
  A water moccasin (D:9)
  A black bear (shapeshifter) (Vaults:3)
  An orc priest (D:9)
  2 fungi (Lair:4)
28 creatures vanquished.

Vanquished Creatures (others)
  An eldritch tentacle (Coc:1)
  A fire dragon (Depths:1)
  3 yaktaur captains
  A merfolk avatar (Shoals:4)
  Sonja (D:11)
  2 deep elf knights
  An orb spider (Spider:4)
  An ugly thing (Abyss:4)
  A smoke demon (Hell)
  A yaktaur (Depths:4)
  An ancient zyme (Abyss:4)
  A hydra zombie (Coc:7)
  A jumping spider (Spider:4)
  3 redbacks (Spider:2)
  A human (D:14)
  A manticore zombie (Dis:1)
  3 boggarts (Depths:3)
  A lightning spire (Abyss:4)
  28 fungi
  14 plants
  11 starspawn tentacles
  9 tentacles
  11 toadstools (D:3)
98 creatures vanquished.

Grand Total: 3674 creatures vanquished

Notes
Turn   | Place    | Note
-------+----------+-------------------------------------------
     0 | D:1      | Firecrotchwizard the Deep Dwarf Fighter began the quest for
                  | the Orb.
     0 | D:1      | Reached XP level 1. HP: 20/20 MP: 1/1
    54 | D:1      | Reached XP level 2. HP: 27/27 MP: 2/2
   450 | D:1      | Reached skill level 3 in Fighting
   459 | D:1      | Reached XP level 3. HP: 26/34 MP: 3/3
   708 | D:2      | Found a sparkling altar of Nemelex Xobeh.
   819 | D:2      | Found a shattered altar of Ashenzari.
   866 | D:2      | Reached skill level 3 in Axes
   866 | D:2      | Reached skill level 4 in Shields
   866 | D:2      | Reached XP level 4. HP: 38/42 MP: 4/4
   886 | D:2      | Found a hazy altar of Hepliaklqana.
   954 | D:2      | Reached skill level 4 in Armour
  1168 | D:2      | Found a glowing golden altar of the Shining One.
  1604 | D:3      | Reached XP level 5. HP: 49/49 MP: 5/5
  2188 | D:3      | Found a blossoming altar of Fedhas.
  2198 | D:3      | Noticed an oklob plant
  2308 | D:4      | Reached skill level 4 in Axes
  2446 | D:4      | Reached XP level 6. HP: 50/57 MP: 6/6
  2536 | D:4      | Found a staircase to the Ecumenical Temple.
  2541 | Temple   | Entered the Ecumenical Temple
  2553 | Temple   | Became a worshipper of Makhleb the Destroyer
  2658 | D:4      | Found a shadowy altar of Dithmenos.
  2759 | D:4      | HP: 12/57 [ogre/+0 giant club (17)]
  2765 | D:4      | HP: 7/57 [ogre/+0 giant club (5)]
  2767 | D:4      | Reached skill level 4 in Fighting
  2767 | D:4      | Reached skill level 5 in Axes
  2767 | D:4      | Reached skill level 1 in Invocations
  2889 | D:4      | Reached skill level 5 in Armour
  3067 | D:5      | Entered Level 5 of the Dungeon
  3247 | D:5      | Reached XP level 7. HP: 58/64 MP: 7/7
  3252 | D:5      | Reached skill level 2 in Invocations
  3315 | D:5      | Reached skill level 6 in Axes
  3680 | D:5      | Found a snail-covered altar of Cheibriados.
  3895 | D:6      | Reached * piety under Makhleb
  3895 | D:6      | Reached skill level 3 in Invocations
  4266 | D:6      | Reached XP level 8. HP: 70/73 MP: 9/9
  4386 | D:6      | Reached skill level 7 in Axes
  4386 | D:6      | Reached skill level 4 in Invocations
  4471 | D:6      | Reached skill level 6 in Armour
  4603 | D:6      | Reached skill level 5 in Fighting
  4647 | D:6      | Found a runed gate.
  4664 | D:6      | Found a runed gate.
  4664 | D:6      | Found a runed gate.
  4666 | D:6      | Noticed BoppinsLewinski's ghost (novice MfFi)
  4775 | D:6      | Found an ancient bone altar of Kikubaaqudgha.
  4776 | D:6      | Found a stormy altar of Qazlal.
  4781 | D:6      | Found a bloodstained altar of Trog.
  4828 | D:6      | Found a hide-covered altar of Uskayaw.
  5039 | D:6      | Noticed a kobold demonologist
  5249 | D:7      | Found a flagged portal.
  5264 | Bailey   | Entered a bailey
  5272 | Bailey   | Noticed a deep elf mage
  5284 | Bailey   | Killed a deep elf mage
  5284 | Bailey   | Reached skill level 8 in Axes
  5284 | Bailey   | Reached skill level 5 in Invocations
  5297 | Bailey   | Noticed a deep elf mage
  5298 | Bailey   | Noticed a deep elf mage
  5302 | Bailey   | HP: 18/75 [deep elf mage/bolt of negative energy (6)]
  5304 | Bailey   | Noticed a deep elf mage
  5307 | Bailey   | Noticed a deep elf mage
  5308 | Bailey   | HP: 13/75 [hell rat[a deep elf mage] (3)]
  5309 | Bailey   | Noticed an orange demon
  5314 | Bailey   | Noticed a demonic crawler
  5314 | Bailey   | HP: 10/75 [redback[a deep elf mage] (2)]
  5326 | D:7      | Killed a deep elf mage
  5326 | D:7      | Reached skill level 7 in Armour
  5326 | D:7      | Reached skill level 6 in Invocations
  5326 | D:7      | Gained mutation: You passively map the area around you.
                  | [Deep Dwarf growth]
  5326 | D:7      | Reached XP level 9. HP: 57/82 MP: 10/10
  5453 | D:7      | Found a glowing silver altar of Zin.
  5548 | D:7      | Reached ** piety under Makhleb
  5583 | D:7      | Paralysed by a hornet for 3 turns
  5588 | D:7      | Paralysed by a hornet for 2 turns
  5593 | D:7      | HP: 18/82 [hornet (8)]
  5594 | D:7      | Paralysed by a hornet for 2 turns
  5595 | D:7      | HP: 8/82 [hornet (8)]
  5602 | D:7      | Paralysed by a hornet for 1 turns
  5603 | D:7      | HP: 20/82 [poisoned by a hornet]
  5604 | D:7      | HP: 9/82 [hornet (2)]
  5607 | D:7      | Reached skill level 6 in Fighting
  5607 | D:7      | Reached skill level 9 in Axes
  5688 | D:7      | HP: 20/82 [hippogriff (1)]
  5690 | D:7      | HP: 9/82 [hippogriff (1)]
  5698 | D:7      | HP: 18/82 [hippogriff (8)]
  5699 | D:7      | HP: 6/82 [hippogriff (5)]
  5704 | D:7      | HP: 15/82 [hippogriff (4)]
  5704 | D:7      | HP: 7/82 [hippogriff (5)]
  5914 | D:7      | Found an opulent altar of Gozag.
  6282 | D:7      | Got a faintly humming robe
  6355 | D:8      | Found a deep blue altar of Sif Muna.
  6431 | D:8      | Reached skill level 7 in Invocations
  7017 | D:8      | Found a white marble altar of Elyvilon.
  7027 | D:8      | Reached skill level 10 in Axes
  7144 | D:8      | Found a sacrificial altar of Ru.
  7221 | D:9      | Noticed a two-headed ogre
  7391 | D:9      | Reached skill level 8 in Armour
  7391 | D:9      | Reached XP level 10. HP: 83/92 MP: 11/11
  7477 | D:9      | Noticed a two-headed ogre
  7495 | D:9      | Killed a two-headed ogre
  7495 | D:9      | Reached skill level 8 in Invocations
  7523 | D:9      | Found a staircase to the Lair.
  7558 | D:9      | Reached *** piety under Makhleb
  7558 | D:9      | Reached skill level 7 in Fighting
  7715 | D:9      | Reached skill level 11 in Axes
  7770 | D:9      | Killed a two-headed ogre
  8017 | D:9      | Found a radiant altar of Vehumet.
  8130 | Lair:1   | Entered Level 1 of the Lair of Beasts
  8151 | Lair:1   | Reached skill level 9 in Invocations
  8152 | Lair:1   | Reached skill level 9 in Armour
  8175 | Lair:1   | Noticed a spiny frog
  8218 | D:10     | Entered Level 10 of the Dungeon
  8569 | D:10     | Reached XP level 11. HP: 72/100 MP: 12/12
  8591 | D:10     | Found a runed door.
  8888 | D:10     | Reached skill level 12 in Axes
  8979 | D:10     | Found Fyuhogor's Assorted Antiques.
  9012 | D:10     | Bought a scroll of enchant armour for 202 gold pieces
  9012 | D:10     | Bought a scroll labeled DEKHUU OG QOOT for 27 gold pieces
  9206 | D:10     | Found a runed door.
  9480 | Lair:1   | Noticed Joseph
  9493 | Lair:1   | Reached skill level 8 in Fighting
  9493 | Lair:1   | Killed Joseph
  9625 | Lair:1   | Reached skill level 10 in Invocations
  9774 | Lair:1   | Noticed Fannar
  9788 | Lair:1   | Killed Fannar
  9838 | Lair:1   | Found a snail-covered altar of Cheibriados.
  9903 | Lair:1   | Reached skill level 10 in Armour
  9909 | Lair:1   | Reached **** piety under Makhleb
  9925 | Lair:1   | Reached skill level 13 in Axes
 10611 | Lair:2   | Reached XP level 12. HP: 95/112 MP: 14/14
 10815 | Lair:2   | Noticed a four-headed hydra
 10819 | Lair:2   | Killed a four-headed hydra
 10825 | Lair:2   | Reached skill level 11 in Invocations
 10838 | Lair:2   | Found a staircase to the Shoals.
 10849 | Lair:2   | Reached skill level 9 in Fighting
 10888 | Lair:2   | Found a runed gate.
 10911 | Lair:2   | Found a runed gate.
 10911 | Lair:2   | Found a runed gate.
 10911 | Lair:2   | Noticed a 13-headed hydra
 10911 | Lair:2   | Noticed tatocazan's ghost (journeyman GrFE)
 10911 | Lair:2   | Noticed a ten-headed hydra
 11588 | Lair:3   | Reached skill level 14 in Axes
 11650 | Lair:3   | Noticed Gastronok
 11663 | Lair:3   | Killed Gastronok
 11757 | Lair:3   | Reached skill level 11 in Armour
 11759 | Lair:3   | Found a hole to the Spider Nest.
 12497 | Lair:4   | Reached skill level 12 in Invocations
 12689 | Lair:4   | Noticed an eight-headed hydra
 12697 | Lair:4   | Killed an eight-headed hydra
 12828 | Lair:4   | Found a large runed door.
 12828 | Lair:4   | Found a large runed door.
 13089 | Lair:4   | Reached XP level 13. HP: 122/122 MP: 16/16
 13398 | Lair:4   | Noticed Qooj Emeq's ghost (journeyman MiGl)
 13557 | Lair:5   | Noticed Kirke
 13772 | Lair:5   | Noticed Josephine
 13784 | Lair:5   | HP: 26/123 [Josephine/vampiric draining (9)]
 13788 | Lair:5   | Killed Josephine
 13788 | Lair:5   | Reached skill level 15 in Axes
 13838 | Lair:5   | Noticed a sphinx
 13842 | Lair:5   | Reached skill level 10 in Fighting
 13849 | Lair:5   | Killed Kirke
 13985 | Lair:5   | Reached ***** piety under Makhleb
 14489 | Lair:6   | Entered Level 6 of the Lair of Beasts
 14579 | Lair:6   | Got a bloodstained chain mail
 14582 | Lair:6   | Identified the +4 chain mail of Resourcefulness {rCorr}
                  | (You found it on level 6 of the Lair of Beasts)
 14635 | Lair:6   | Noticed a dire elephant
 14643 | Lair:6   | Killed a dire elephant
 14643 | Lair:6   | Reached skill level 13 in Invocations
 14658 | Lair:6   | Reached skill level 12 in Armour
 14661 | Lair:6   | Identified the +5 hand axe of Gloom {chop, rPois Int+4
                  | Dex+5} (You found it on level 6 of the Lair of Beasts)
 14765 | Lair:6   | HP: 25/124 [manticore (11)]
 14960 | Lair:5   | Reached skill level 16 in Axes
 14978 | Lair:5   | HP: 30/124 [black mamba (3)]
 15182 | Lair:6   | Gained mutation: You resist negative energy. (rN+) [Deep
                  | Dwarf growth]
 15182 | Lair:6   | Reached XP level 14. HP: 133/133 MP: 13/13
 15448 | Lair:6   | Found a staircase to the Slime Pits.
 15904 | D:11     | Noticed Sonja
 15913 | D:11     | Killed Sonja
 15917 | D:11     | Gained mutation: Scrolls take you a little longer to read.
                  | [a neqoxec]
 16916 | D:12     | Reached skill level 11 in Fighting
 17018 | D:12     | Lost mutation: Scrolls take you a little longer to read.
                  | [potion of mutation]
 17018 | D:12     | Gained mutation: You are robust. (+10% HP) [potion of
                  | mutation]
 17018 | D:12     | Gained mutation: You are weak. (Str -2) [potion of
                  | mutation]
 17018 | D:12     | Gained mutation: You are partially covered in iridescent
                  | scales. (AC +2) [potion of mutation]
 17018 | D:12     | Gained mutation: Your system is resistant to poisons.
                  | (rPois) [potion of mutation]
 17038 | D:12     | Reached skill level 14 in Invocations
 17174 | D:12     | Found a staircase to the Orcish Mines.
 17206 | D:12     | Found a roughly hewn altar of Beogh.
 17446 | D:12     | Reached ****** piety under Makhleb
 17465 | D:12     | You fall through a shaft for 2 floors!
 17487 | D:14     | Reached skill level 17 in Axes
 17530 | D:14     | Reached skill level 13 in Armour
 18228 | Orc:1    | Entered Level 1 of the Orcish Mines
 18501 | Orc:2    | Entered Level 2 of the Orcish Mines
 18501 | Orc:2    | Found an iron altar of Okawaru.
 18566 | Orc:2    | Found a staircase to the Elven Halls.
 18654 | Orc:2    | Found a roughly hewn altar of Beogh.
 18729 | Orc:2    | Noticed Urug
 18759 | Orc:2    | Killed Urug
 19175 | Orc:2    | Reached XP level 15. HP: 156/156 MP: 11/11
 19203 | Orc:2    | Reached skill level 5 in Shields
 19451 | Orc:2    | Found Caikol's Gadget Shop.
 19454 | Orc:2    | Found Xinaphou's Distillery.
 19455 | Orc:2    | Found Biakeplu's Jewellery Shop.
 19456 | Orc:2    | Found Laufyor's Antique Weapon Shop.
 19460 | Orc:2    | Bought 2 potions of haste for 280 gold pieces
 19660 | Orc:1    | Found a roughly hewn altar of Beogh.
 19892 | Elf:1    | Entered Level 1 of the Elven Halls
 19941 | Elf:1    | Reached skill level 15 in Invocations
 19974 | Elf:1    | Reached skill level 18 in Axes
 20001 | Elf:1    | Reached skill level 6 in Shields
 20238 | Lair:2   | Killed tatocazan's ghost
 20238 | Lair:2   | Reached skill level 1 in Dodging
 20243 | Lair:2   | Got a dazzling broad axe
 20244 | Lair:2   | Identified the +8 broad axe of Sudden Death {distort,
                  | +Blink +Inv Str-2 Stlth+} (You found it on level 2 of the
                  | Lair of Beasts)
 20319 | Spider:1 | Entered Level 1 of the Spider Nest
 20374 | Spider:1 | Found a frozen archway.
 20426 | Spider:1 | Reached skill level 2 in Dodging
 20454 | IceCv    | Entered an ice cave
 20632 | IceCv    | Identified the cursed +3 broad axe of Painful Death {chop,
                  | Int+4} (You found it in an ice cave)
 20909 | IceCv    | Noticed an Ice Fiend
 20942 | IceCv    | Reached skill level 3 in Dodging
 20974 | IceCv    | HP: 35/156 [??? (23)]
 20981 | IceCv    | Killed an Ice Fiend
 21008 | IceCv    | Got a pair of distressingly furry boots
 21231 | Spider:1 | Identified the +3 pair of boots of Nyalung {+Fly rC+ MP-9
                  | Str+3} (You found it in an ice cave)
 21524 | Spider:1 | Reached skill level 4 in Dodging
 21926 | Spider:1 | Killed a ghost moth
 22052 | Spider:1 | Killed a ghost moth
 22052 | Spider:1 | Reached skill level 19 in Axes
 22052 | Spider:1 | Reached skill level 5 in Dodging
 22052 | Spider:1 | Reached XP level 16. HP: 136/167 MP: 0/9
 22766 | Spider:1 | HP: 33/167 [spark wasp (13)]
 22913 | Spider:2 | Reached skill level 12 in Fighting
 23098 | Spider:2 | Reached skill level 6 in Dodging
 23171 | Spider:2 | Noticed Nikola
 23171 | Spider:2 | HP: 41/167 [Nikola/chain lightning (26)]
 23176 | Spider:2 | HP: 28/167 [wolf spider (5)]
 23202 | Spider:2 | Got a pair of fine gloves
 23213 | Spider:2 | Identified the +1 pair of gloves "Joahu" {MR+} (You found
                  | it on level 2 of the Spider Nest)
 23429 | Spider:2 | Killed Nikola
 24367 | Spider:3 | Reached skill level 7 in Dodging
 25135 | Spider:4 | Entered Level 4 of the Spider Nest
 25154 | Spider:3 | Reached skill level 20 in Axes
 25419 | Spider:3 | Upgraded the game from 0.23-a0-694-g178e528 to
                  | 0.23-a0-702-gd214142
 25515 | Spider:3 | Reached skill level 8 in Dodging
 26546 | Spider:4 | Reached skill level 13 in Fighting
 26657 | Spider:4 | Reached XP level 17. HP: 179/179 MP: 5/5
 26663 | Spider:4 | Reached skill level 9 in Dodging
 26867 | Spider:4 | Reached skill level 10 in Dodging
 27051 | Spider:4 | Got a gossamer rune of Zot
 27293 | Shoals:1 | Entered Level 1 of the Shoals
 27590 | Shoals:1 | Reached skill level 14 in Fighting
 27590 | Shoals:1 | Reached skill level 11 in Dodging
 27717 | Shoals:1 | Found a shattered altar of Ashenzari.
 28249 | Shoals:2 | Found a hide-covered altar of Uskayaw.
 28416 | Shoals:2 | Noticed Polyphemus
 28443 | Shoals:2 | Killed Polyphemus
 28485 | Shoals:2 | Reached skill level 12 in Dodging
 28614 | Shoals:2 | Noticed Ilsuiw
 28632 | Shoals:2 | Killed Ilsuiw
 28739 | Shoals:2 | Found a transporter.
 28743 | Shoals:2 | Noticed CHODE's ghost (journeyman HOFi)
 28805 | Shoals:2 | Found a transporter.
 29114 | Shoals:3 | Found Cetwysergh's Island Escapes.
 29188 | Shoals:3 | Bought a scroll of fog for 34 gold pieces
 29188 | Shoals:3 | Bought a scroll of teleportation for 51 gold pieces
 29188 | Shoals:3 | Bought a potion of haste for 170 gold pieces
 29188 | Shoals:3 | Bought a scroll of teleportation for 51 gold pieces
 29243 | Shoals:3 | Reached skill level 14 in Armour
 29402 | Shoals:3 | Gained mutation: You passively map a large area around you.
                  | [Deep Dwarf growth]
 29402 | Shoals:3 | Reached XP level 18. HP: 158/194 MP: 5/5
 29533 | Shoals:3 | Reached skill level 1 in Throwing
 29856 | Shoals:3 | Reached skill level 2 in Throwing
 29923 | Shoals:4 | Entered Level 4 of the Shoals
 29925 | Shoals:4 | Cast into level 3 of the Abyss (merfolk)
 29965 | Shoals:4 | Escaped the Abyss
 30059 | Shoals:4 | Reached skill level 15 in Fighting
 30072 | Shoals:3 | Reached skill level 3 in Throwing
 30156 | Shoals:4 | Identified the amulet of Syten {+Rage Str+4 Dex+4}
 30307 | Shoals:4 | Reached skill level 4 in Throwing
 30366 | Shoals:4 | Got a barnacled rune of Zot
 30777 | D:13     | Identified the +12 broad axe "Ikkeodd" {freeze, Dex+6} (You
                  | found it on level 13 of the Dungeon)
 31288 | D:13     | Noticed Snorg
 31301 | D:13     | Killed Snorg
 31944 | D:14     | Reached skill level 7 in Shields
 32015 | D:14     | Identified the +3 long sword "Nenuroub" {venom, +Inv rPois
                  | rC+ Stlth+}
 32276 | D:14     | Noticed Rupert
 32285 | D:14     | Reached skill level 8 in Shields
 32286 | D:14     | Killed Rupert
 32372 | D:14     | Reached skill level 9 in Shields
 32385 | D:14     | Found a gate to the Vaults.
 32523 | D:15     | Entered Level 15 of the Dungeon
 32739 | D:15     | Identified Roxanne's Reference Book on Transmutation
 32739 | D:15     | Noticed Roxanne
 32884 | D:15     | Found a staircase to the Depths.
 32943 | D:15     | Reached skill level 10 in Shields
 33182 | Vaults:1 | Entered Level 1 of the Vaults
 33389 | Vaults:1 | Reached skill level 11 in Shields
 33765 | Vaults:1 | Reached skill level 12 in Shields
 34022 | Vaults:1 | Reached XP level 19. HP: 204/204 MP: 4/4
 34242 | Vaults:1 | Found a stormy altar of Qazlal.
 34480 | Vaults:1 | Reached skill level 13 in Shields
 35277 | Vaults:2 | Reached skill level 14 in Shields
 35579 | Vaults:2 | Identified the +8 battleaxe of Fedhas's Approval {pain,
                  | rElec} (You found it on level 2 of the Vaults)
 36000 | Vaults:3 | Noticed Mennas
 36093 | Vaults:3 | Killed Mennas
 36093 | Vaults:3 | Reached skill level 16 in Fighting
 36416 | Vaults:3 | Reached skill level 15 in Shields
 36747 | Vaults:3 | Reached XP level 20. HP: 202/218 MP: 5/5
 37028 | Vaults:3 | Found a staircase to the Crypt.
 37285 | Vaults:3 | Found Fakk's Book Boutique.
 37692 | Vaults:4 | Found Vowkuot's Armour Shoppe.
 37780 | Vaults:4 | Identified the amulet "Fadghog" {Gourm *Corrode rPois Int+9
                  | SInv} (You acquired it on level 4 of the Vaults)
 37928 | Vaults:4 | Reached skill level 16 in Shields
 37991 | Vaults:4 | Reached skill level 17 in Fighting
 39118 | Vaults:5 | Entered Level 5 of the Vaults
 39140 | Vaults:5 | Reached skill level 17 in Shields
 39194 | Vaults:5 | Reached skill level 18 in Fighting
 39277 | Vaults:5 | Noticed a golden dragon
 39282 | Vaults:5 | Reached XP level 21. HP: 228/233 MP: 6/6
 39284 | Vaults:5 | Identified the ring of Adoocs {+Fly Str+6 Slay+4}
 39285 | Vaults:5 | Identified the ring "Otosij" {rPois rN+ Str-3 Slay+3
                  | Stlth+}
 39294 | Vaults:5 | Killed a golden dragon
 39298 | Vaults:5 | Reached skill level 18 in Shields
 39457 | Vaults:5 | Identified Tianyqall's Almanac of the Traveller and
                  | Conjuration
 39609 | Vaults:5 | Reached skill level 1 in Evocations
 39619 | Vaults:5 | Reached skill level 2 in Evocations
 39671 | Vaults:5 | Reached skill level 3 in Evocations
 39699 | Vaults:5 | Reached skill level 4 in Evocations
 39840 | Vaults:5 | Found Gaskas's Magic Scroll Emporium.
 39853 | Vaults:5 | Bought a scroll of blinking for 150 gold pieces
 39853 | Vaults:5 | Bought a scroll of teleportation for 60 gold pieces
 39853 | Vaults:5 | Bought a scroll of summoning for 190 gold pieces
 39930 | Vaults:5 | Reached skill level 5 in Evocations
 39942 | Vaults:5 | Noticed a golden dragon
 39949 | Vaults:5 | Noticed an ancient lich
 39961 | Vaults:5 | Killed a golden dragon
 39963 | Vaults:5 | Killed an ancient lich
 40025 | Vaults:5 | Bought a scroll of enchant armour for 150 gold pieces
 40025 | Vaults:5 | Bought a scroll of enchant armour for 150 gold pieces
 40025 | Vaults:5 | Bought a scroll of enchant armour for 150 gold pieces
 40025 | Vaults:5 | Bought a scroll of enchant armour for 150 gold pieces
 40355 | Vaults:5 | Found the +7 sceptre of Torment {pain, torment}
 40509 | Vaults:5 | Got a silver rune of Zot
 40599 | Vaults:5 | Reached skill level 19 in Shields
 40639 | Vaults:5 | Reached skill level 19 in Fighting
 41013 | Depths:1 | Entered Level 1 of the Depths
 41408 | Depths:1 | Found a gateway to Hell.
 41419 | Depths:1 | Reached XP level 22. HP: 203/247 MP: 6/6
 41604 | Depths:1 | Identified the +0 ring mail "Damnable Contraption" {Dex+3}
                  | (You found it on level 1 of the Depths)
 41761 | Depths:2 | Noticed an ancient lich
 41762 | Depths:2 | Found a gateway to a ziggurat.
 41878 | Depths:2 | Reached skill level 20 in Shields
 42080 | Depths:2 | Found a one-way gate to the infinite horrors of the Abyss.
 42335 | Depths:2 | Found a one-way gate leading to the halls of Pandemonium.
 42511 | Depths:2 | Voluntarily entered the Abyss.
 42518 | Abyss:1  | Reached skill level 20 in Fighting
 43023 | Abyss:3  | Paralysed by accursed screaming for 2 turns
 43038 | Abyss:3  | Reached skill level 15 in Armour
 43175 | Abyss:4  | Found a blossoming altar of Fedhas.
 43189 | Abyss:4  | Paralysed by accursed screaming for 1 turns
 43194 | Abyss:4  | Paralysed by accursed screaming for 2 turns
 43204 | Abyss:4  | Paralysed by accursed screaming for 2 turns
 43214 | Abyss:4  | Paralysed by accursed screaming for 2 turns
 43225 | Abyss:4  | Paralysed by accursed screaming for 1 turns
 43244 | Abyss:4  | Got a dazzling hat
 43245 | Abyss:4  | Identified the cursed +0 hat of Uzxo {Int+3 Dex+5 Stlth-}
                  | (You found it on level 4 of the Abyss)
 43269 | Abyss:4  | Paralysed by accursed screaming for 2 turns
 43285 | Abyss:4  | Paralysed by accursed screaming for 1 turns
 43315 | Abyss:4  | Paralysed by accursed screaming for 1 turns
 43319 | Abyss:4  | Paralysed by accursed screaming for 1 turns
 43349 | Abyss:4  | Gained mutation: You have a pair of small antennae on your
                  | head. [a shining eye]
 43351 | Abyss:4  | Gained mutation: You occasionally shout uncontrollably at
                  | your foes. [a shining eye]
 43427 | Abyss:4  | Reached XP level 23. HP: 246/260 MP: 7/7
 43429 | Abyss:4  | Got an abyssal rune of Zot
 43548 | Abyss:4  | Found a shadowy altar of Dithmenos.
 43553 | Depths:2 | Escaped the Abyss
 43555 | Depths:2 | Lost mutation: You occasionally shout uncontrollably at
                  | your foes. [potion of mutation]
 43555 | Depths:2 | Lost mutation: You are robust. (+10% HP) [potion of
                  | mutation]
 43555 | Depths:2 | Gained mutation: You possess an exceptional clarity of
                  | mind. [potion of mutation]
 43555 | Depths:2 | Lost mutation: You are weak. (Str -2) [potion of mutation]
 43555 | Depths:2 | Gained mutation: Your magical capacity is low. (-10% MP)
                  | [potion of mutation]
 43555 | Depths:2 | Gained mutation: Your muscles are strong. (Str +2) [potion
                  | of mutation]
 43639 | Depths:3 | Reached skill level 16 in Armour
 44143 | Depths:3 | Reached skill level 21 in Fighting
 44151 | Depths:3 | Noticed a juggernaut
 44173 | Depths:3 | Killed a juggernaut
 44173 | Depths:3 | Reached skill level 17 in Armour
 44201 | Depths:3 | Got a pair of fine gloves
 44206 | Depths:3 | Identified the +2 pair of gloves "Zoclov" {Str+3} (You
                  | found it on level 3 of the Depths)
 44593 | Depths:3 | You fall through a shaft for 2 floors!
 44593 | Depths:5 | Entered Level 5 of the Depths
 44719 | Depths:4 | Found Siustyxkie's Food Shop.
 45269 | Depths:4 | Identified the +3 leather armour of the Snake Pit {rElec}
 45355 | Depths:4 | Found Kewucuats's Changing Room.
 45364 | Depths:4 | Reached skill level 18 in Armour
 45425 | Depths:4 | Bought a potion of mutation for 96 gold pieces
 45627 | Depths:4 | Noticed a juggernaut
 45683 | Depths:4 | Killed a juggernaut
 45683 | Depths:4 | Reached XP level 24. HP: 252/252 MP: 4/4
 45700 | Depths:4 | Noticed an ancient lich
 45717 | Depths:4 | Killed an ancient lich
 45717 | Depths:4 | Reached skill level 22 in Fighting
 45812 | Depths:4 | Noticed a juggernaut
 45824 | Depths:4 | Killed a juggernaut
 46142 | Depths:5 | Reached skill level 19 in Armour
 46338 | Depths:5 | Found Venusost's Distillery.
 46346 | Depths:5 | Bought a potion of curing for 57 gold pieces
 46346 | Depths:5 | Bought a potion of curing for 57 gold pieces
 46346 | Depths:5 | Bought a potion of resistance for 190 gold pieces
 46346 | Depths:5 | Bought a potion of heal wounds for 95 gold pieces
 46346 | Depths:5 | Bought a potion of heal wounds for 95 gold pieces
 46346 | Depths:5 | Bought a potion of curing for 57 gold pieces
 46346 | Depths:5 | Bought a potion of curing for 57 gold pieces
 46346 | Depths:5 | Bought a potion of might for 76 gold pieces
 46474 | Depths:5 | Found a gate to the Realm of Zot.
 47342 | Slime:1  | Entered Level 1 of the Pits of Slime
 47354 | Slime:1  | Gained mutation: You are agile. (Dex +2) [a shining eye]
 47928 | Slime:1  | Lost mutation: You possess an exceptional clarity of mind.
                  | [a shining eye]
 47929 | Slime:1  | Gained mutation: You occasionally shout uncontrollably at
                  | your foes. [a shining eye]
 47980 | Slime:1  | You fall through a shaft!
 48216 | Slime:3  | Gained mutation: Scrolls take you a little longer to read.
                  | [a shining eye]
 48265 | Slime:3  | Gained mutation: You evolve. [a shining eye]
 48295 | Slime:3  | Lost mutation: Your muscles are strong. (Str +2) [a shining
                  | eye]
 48710 | Slime:3  | Firecrotchwizard: !trg
 48710 | Slime:3  | Firecrotchwizard: !!trj
 48710 | Slime:3  | Firecrotchwizard: ??trj
 48710 | Slime:3  | meem: the royal jelly[1/7]: Boss of the Slime Pits. Damage
                  | causes the creation of high-level Js such as acid blobs and
                  | azure jellies, which will never be on the other side of a
                  | wall and give no experience. When killed, the level allows
                  | teleport control, and the loot chamber walls become
                  | transparent and diggable.
 48710 | Slime:3  | Firecrotchwizard: ??trj
 48710 | Slime:3  | meem: the royal jelly[1/7]: Boss of the Slime Pits. Damage
                  | causes the creation of high-level Js such as acid blobs and
                  | azure jellies, which will never be on the other side of a
                  | wall and give no experience. When killed, the level allows
                  | teleport control, and the loot chamber walls become
                  | transparent and diggable.
 48711 | Slime:3  | Firecrotchwizard: !next
 48711 | Slime:3  | meem: This command does not work in PM.
 48744 | Slime:4  | Reached skill level 20 in Armour
 49252 | Slime:5  | Entered Level 5 of the Pits of Slime
 49302 | Slime:5  | Noticed the Royal Jelly
 49353 | Slime:5  | Killed the Royal Jelly
 49472 | Slime:5  | Reached skill level 23 in Fighting
 49482 | Slime:5  | Reached XP level 25. HP: 265/265 MP: 4/4
 49522 | Slime:5  | Found the +3 sling "Punk" {acid, rCorr}
 49590 | Slime:5  | Found the +8 trident of the Octopus King {venom, rElec
                  | rPois MR+}
 49602 | Slime:5  | Got a slimy rune of Zot
 50425 | Depths:2 | Lost mutation: You have a pair of small antennae on your
                  | head. [potion of mutation]
 50425 | Depths:2 | Lost mutation: Scrolls take you a little longer to read.
                  | [potion of mutation]
 50425 | Depths:2 | Lost mutation: Your magical capacity is low. (-10% MP)
                  | [potion of mutation]
 50425 | Depths:2 | Gained mutation: You are partially covered in icy blue
                  | scales. (AC +2) [potion of mutation]
 50426 | Depths:2 | Lost mutation: You evolve. [potion of mutation]
 50426 | Depths:2 | Lost mutation: Your system is resistant to poisons. (rPois)
                  | [potion of mutation]
 50426 | Depths:2 | Gained mutation: You have sharp toenails. [potion of
                  | mutation]
 50426 | Depths:2 | Gained mutation: You have a beak for a mouth. [potion of
                  | mutation]
 50427 | Depths:2 | Lost mutation: You occasionally shout uncontrollably at
                  | your foes. [potion of mutation]
 50427 | Depths:2 | Lost mutation: You are agile. (Dex +2) [potion of mutation]
 50427 | Depths:2 | Lost mutation: You have sharp toenails. [potion of
                  | mutation]
 50427 | Depths:2 | Lost mutation: You are partially covered in icy blue
                  | scales. (AC +2) [potion of mutation]
 50427 | Depths:2 | Gained mutation: Armour fits poorly on your strangely
                  | shaped body. [potion of mutation]
 50427 | Depths:2 | Gained mutation: You are weak. (Str -2) [potion of
                  | mutation]
 50427 | Depths:2 | Gained mutation: You evolve. [potion of mutation]
 50428 | Depths:2 | Lost mutation: You are weak. (Str -2) [potion of mutation]
 50428 | Depths:2 | Lost mutation: You evolve. [potion of mutation]
 50428 | Depths:2 | Lost mutation: Armour fits poorly on your strangely shaped
                  | body. [potion of mutation]
 50428 | Depths:2 | Lost mutation: You are partially covered in iridescent
                  | scales. (AC +2) [potion of mutation]
 50428 | Depths:2 | Gained mutation: You are clumsy. (Dex -2) [potion of
                  | mutation]
 50428 | Depths:2 | Gained mutation: You have a pair of small horns on your
                  | head. [potion of mutation]
 50428 | Depths:2 | Gained mutation: You are resistant to electric shocks.
                  | (rElec) [potion of mutation]
 51033 | D:2      | Fell from the grace of Makhleb
 51033 | D:2      | Became a worshipper of the Shining One
 51421 | Crypt:1  | Entered Level 1 of the Crypt
 51444 | Crypt:1  | Reached * piety under the Shining One
 51515 | Crypt:1  | Reached ** piety under the Shining One
 51515 | Crypt:1  | Reached skill level 6 in Evocations
 51770 | Crypt:1  | Noticed Sojobo
 51770 | Crypt:1  | Reached *** piety under the Shining One
 51786 | Crypt:1  | Killed Sojobo
 51791 | Crypt:1  | HP: 58/265 [tengu reaver/+5 long sword of holy
                  | wrath[Sojobo] (11)]
 51792 | Crypt:1  | Reached skill level 7 in Evocations
 51977 | Crypt:1  | Reached **** piety under the Shining One
 51979 | Crypt:1  | Reached skill level 21 in Armour
 52290 | Crypt:2  | Reached ***** piety under the Shining One
 52300 | Crypt:2  | Reached skill level 8 in Evocations
 52576 | Crypt:2  | Reached skill level 9 in Evocations
 52803 | Crypt:3  | Entered Level 3 of the Crypt
 52807 | Crypt:3  | Reached ****** piety under the Shining One
 52815 | Crypt:3  | Identified a +9 broad axe of holy wrath {!w} (a +9 broad
                  | axe of chopping {!w} blessed by the Shining One)
 52815 | Crypt:3  | Received a gift from the Shining One
 52919 | Crypt:3  | Found a basalt altar of Yredelemnul.
 52943 | Crypt:3  | Reached skill level 10 in Evocations
 53413 | Crypt:3  | Identified the +4 broad axe of Apsol {drain, rC+ Int+3}
                  | (You found it on level 3 of the Crypt)
 53423 | Crypt:3  | Found a staircase to the Tomb.
 53423 | Crypt:3  | Noticed Khufu
 53433 | Crypt:3  | Killed Khufu
 53452 | Crypt:3  | Got a vibrating platinum ring
 53453 | Crypt:3  | Identified the ring "Jabip" {Wiz Str+3 Slay+2} (You found
                  | it on level 3 of the Crypt)
 53535 | Crypt:3  | Reached skill level 22 in Armour
 53577 | Crypt:3  | Reached XP level 26. HP: 276/276 MP: 6/6
 53586 | Crypt:3  | Reached skill level 24 in Fighting
 54018 | Hell     | Entered the Vestibule of Hell
 54018 | Hell     | Noticed Geryon
 54024 | Hell     | Killed Geryon
 54053 | Hell     | Found a gateway to the ashen valley of Gehenna.
 54287 | Hell     | Found a gateway to the freezing wastes of Cocytus.
 54404 | Hell     | Found a gateway to the Iron City of Dis.
 54579 | Hell     | Found a gateway to the decaying netherworld of Tartarus.
 54668 | Coc:1    | Entered Level 1 of Cocytus
 54697 | Coc:1    | Reached skill level 23 in Armour
 55510 | Coc:2    | Reached skill level 25 in Fighting
 55798 | Coc:3    | Reached skill level 24 in Armour
 55818 | Coc:3    | Reached XP level 27. HP: 289/289 MP: 6/6
 56192 | Coc:4    | HP: 66/288 [??? (32)]
 56821 | Coc:7    | Entered Level 7 of Cocytus
 56892 | Coc:7    | Reached skill level 25 in Armour
 56952 | Coc:7    | Reached skill level 11 in Evocations
 57071 | Coc:7    | Reached skill level 26 in Fighting
 57186 | Coc:7    | Reached skill level 12 in Evocations
 57258 | Coc:7    | Noticed Antaeus
 57285 | Coc:7    | HP: 67/292 [??? (30)]
 57290 | Coc:7    | HP: 70/292 [Antaeus (19)]
 57304 | Coc:7    | HP: 63/292 [Antaeus/flash freeze (17)]
 57305 | Coc:7    | Killed Antaeus
 57312 | Coc:7    | HP: 62/292 [??? (29)]
 57318 | Coc:7    | HP: 52/292 [??? (16)]
 57320 | Coc:7    | Reached skill level 13 in Evocations
 57323 | Coc:7    | HP: 48/292 [??? (18)]
 57329 | Coc:7    | HP: 55/292 [??? (25)]
 57354 | Coc:7    | HP: 59/292 [??? (20)]
 57372 | Coc:7    | HP: 58/292 [??? (28)]
 57377 | Coc:7    | HP: 41/292 [??? (18)]
 57378 | Coc:7    | Found the +8 autumn katana {slice, Clar}
 57400 | Coc:7    | Got an icy rune of Zot
 57584 | Dis:1    | Entered Level 1 of the Iron City of Dis
 58083 | Dis:2    | Reached skill level 14 in Evocations
 58514 | Dis:3    | Reached skill level 26 in Armour
 58520 | Dis:3    | HP: 69/295 [reaper/+2 scythe of pain (22)]
 58626 | Dis:3    | Reached skill level 16 in Invocations
 58642 | Dis:3    | HP: 64/295 [hellion/damnation (25)]
 58762 | Dis:3    | HP: 43/295 [divine wrath (29)]
 58803 | Dis:3    | Reached skill level 15 in Evocations
 59405 | Dis:5    | HP: 69/296 [??? (29)]
 59432 | Dis:5    | Reached skill level 17 in Invocations
 59503 | Dis:5    | Reached skill level 1 in Spellcasting
 59567 | Dis:5    | Reached skill level 2 in Spellcasting
 59724 | Dis:6    | Reached skill level 3 in Spellcasting
 59920 | Dis:6    | Was forgiven by Makhleb
 59940 | Dis:6    | Reached skill level 27 in Fighting
 59940 | Dis:6    | Reached skill level 4 in Spellcasting
 59941 | Dis:6    | Reached skill level 18 in Invocations
 60005 | Dis:7    | Entered Level 7 of the Iron City of Dis
 60160 | Dis:7    | HP: 58/298 [Hell Sentinel/iron shot (34)]
 60164 | Dis:7    | Reached skill level 5 in Spellcasting
 60166 | Dis:7    | HP: 59/298 [iron dragon (6)]
 60178 | Dis:7    | HP: 57/298 [something (2)]
 60206 | Dis:7    | HP: 67/298 [iron giant/+0 giant club (15)]
 60214 | Dis:7    | HP: 42/298 [iron giant/+0 giant club (25)]
 60239 | Dis:7    | HP: 68/298 [iron dragon zombie[the effects of Hell] (11)]
 60357 | Dis:7    | Reached skill level 27 in Armour
 60400 | Dis:7    | Reached skill level 6 in Spellcasting
 60419 | Dis:7    | HP: 61/298 [reaper/+4 scythe of distortion (17)]
 60428 | Dis:7    | Reached skill level 19 in Invocations
 60540 | Dis:7    | Reached skill level 7 in Spellcasting
 60673 | Dis:7    | HP: 69/298 [reaper/+5 scythe of slicing[the effects of
                  | Hell] (7)]
 60687 | Dis:7    | Noticed the Serpent of Hell
 60687 | Dis:7    | HP: 57/298 [the Serpent of Hell/bolt of dispelling energy
                  | (35)]
 60701 | Dis:7    | HP: 72/298 [storm dragon[the Serpent of Hell] (7)]
 60706 | Dis:7    | HP: 63/298 [storm dragon[the Serpent of Hell] (1)]
 60708 | Dis:7    | HP: 30/298 [the Serpent of Hell (13)]
 60713 | Dis:7    | Killed the Serpent of Hell
 60757 | Dis:7    | HP: 66/298 [iron golem (12)]
 60782 | Dis:7    | HP: 26/298 [Hell Sentinel/damnation (30)]
 60784 | Dis:7    | HP: 3/298 [Hell Sentinel/damnation (23)]
 60785 | Dis:7    | Killed from afar by a Hell Sentinel

Vault maps used:
D:1:      lightli_arrival_lavapool, serial_bayou_pond_c, minmay_tromino_v7
D:2:      overflow_temple_1_default, lemuel_round_altar,
          nemelex_xobeh_ov_fountains_minmay, nicolae_ashenzari_panopticon
D:3:      tgw_fedhas, lightli_corner_chamber
D:4:      overflow_temple_1_default, minmay_temple_entry_nine_rooms,
          first_ration, hangedman_abyss_or_decor_stabs
D:5:      lemuel_coloured_pillars_altar
D:6:      lemuel_round_altar, minitemple, gammafunk_ghost_nasty_kobolds
D:7:      kennysheep_mini_moat, nicolae_overflow_hidden_temple, enter_bailey_3
D:8:      overflow_temple_1_default, marbit_many_paths, old_standard_altar
D:9:      fiery_altar_vehumet, due_lair_maze_entry_diamond
D:10:     cheibrodos_histonic, serial_shops, shop
D:11:     uniq_sonja
D:12:     minmay_goldmine, minmay_orc_entry_temple_large
D:13:     minmay_coctagon, uniq_snorg
D:14:     ximxim_vaults_locker_room, the_bakery, minmay_misc_feat_rows,
          uniq_rupert
D:15:     hangedman_depths_entry_try_elsewhere_first, small_statue_alley_a,
          uniq_roxanne
Temple:   corrupted_temple
Lair:1:   minivault_26, st_stairs_12, kennysheep_snail_temple,
          serial_bayou_shore_a, uniq_joseph, uniq_fannar
Lair:2:   minmay_shoals_entry_beasts, gammafunk_ghost_hydra_chop, minivault_19
Lair:3:   spider_nest_entry_webs, st_stairs_8, grunt_megastairs_4,
          uniq_gastronok
Lair:4:   ebering_ghost_disaster_area, kennysheep_abandoned_house
Lair:5:   uniq_josephine, uniq_kirke
Lair:6:   hangedman_lair_in_review, minmay_slime_entry_oklob_enclosed
Shoals:1: nicolae_shoals_stone_sculpture_thing, lemuel_centaur_altar
Shoals:2: gammafunk_ghost_berserking_beasts, regret_index_shoals_crete,
          uniq_polyphemus, uniq_ilsuiw
Shoals:3: nicolae_island_escapes
Shoals:4: shoals_end_hangedman
Spider:1: nicolae_spider_hall_of_the_moth_king,
          portal_ice_cave_entry_ice_statue_two
Spider:2: nicolae_spider_shape, uniq_nikola
Spider:3: einodemon_crawler_minivault
Spider:4: floodkiller_spider_rune_tomb
Orc:1:    basic_altar
Orc:2:    st_orc_pillars, basic_altar, okawaru_metal_pillars_1_2, uniq_urug
Elf:1:    elf_arrival_001, serial_sigils, serial_sigils_hangedman_quiver,
          serial_sigils_hangedman_gut, serial_sigils_hangedman_gut,
          serial_sigils_hangedman_shear, minivault_28
Vaults:1: ontoclasm_vaults_hangar, nicolae_vaults_mini_display_case,
          vaults_room_fours, v_misc_13, v_misc_33, v_misc_11, basic_altar
Vaults:2: v_misc_1, hangedman_vaults_unwind, vaults_room_fours,
          vaults_dpeg_spiral, grunt_vaults_swirl, ontoclasm_vaults_pinch,
          ontoclasm_vaults_gateway, hangedman_vaults_restitches,
          ontoclasm_vaults_shuriken, vaults_mumra_hexcomb,
          nicolae_vaults_asterisk, ontoclasm_vaults_twist
Vaults:3: hangedman_vaults_nodes, v_misc_22, v_misc_22,
          nicolae_vaults_little_ls, minmay_crypt_entry_vampire_xt,
          vaults_mumra_minichess_inversion,
          nicolae_vaults_windows_and_doors_thing, v_misc_26, v_misc_23,
          serial_shops, shop, uniq_mennas
Vaults:4: v_alt_pattern_3, vaults_dpeg_cross, hangedman_vaults_corner_blocks,
          v_misc_2, v_pattern_1, v_misc_27, nicolae_vaults_an_arrangement,
          ontoclasm_vaults_chip, vaults_room_boxed, v_misc_3,
          ontoclasm_vaults_idyll, nicolae_vaults_little_squares_2,
          nicolae_vaults_bisected_slash, ontoclasm_vaults_loading_screen,
          serial_shops, shop
Crypt:1:  serial_corexii_hall, chequers_hall_statues_corner_a,
          corexii_hall_statues_s, grunt_crypt_arrival_webbed, uniq_sojobo
Crypt:3:  grunt_crypt_end_deaths_head
Depths:1: lightli_too_deep, hangedman_decor_clover_reticule,
          serial_bayou_pond_e, minmay_misc_feat_more_columns,
          minmay_fractal_squares_gapless_7
Depths:2: cheibrodos_birdhouse, enter_ziggurat_d, rand_demon_pan_entry_7,
          hell_entry, abyss_entry_crystal
Depths:3: minmay_stepped, abyss_entry, serial_bayou_pond_d,
          grunt_hell_entry_dis_grunt, pan_entry, st_stairs_6,
          minmay_misc_feat_ornament, kennysheep_minor_cross,
          kennysheep_random_hallway
Depths:4: grunt_arcs, serial_shops, shop, hell_entry, roderic_serpentine_path,
          abyss_entry, minivault_11, nicolae_transmutations_shop
Depths:5: evilmike_zot_entry_round, pan_entry, hell_entry,
          hangedman_abyss_entry_splay, serial_shops,
          nicolae_shop_window_shopping
Dis:3:    grunt_deathspiral_small
Dis:4:    grunt_megastairs_1
Dis:5:    evilmike_ambush
Dis:6:    hangedman_dis_decor_tower
Dis:7:    iron_city_of_dis
Coc:5:    serial_ice, serial_ice_c, serial_ice_o
Coc:7:    coc_hangedman
Abyss:1:  hangedman_decor_peaks_small
Abyss:3:  minivault_28, hangedman_decor_riveting, hangedman_steaming_rock
Abyss:4:  hangedman_shadowy_showcase, dshaligram_kb_abyss_rune_zappy_water_cross
Bailey:   bailey_polearm_3, bailey
IceCv:    ice_cave_caverns_03

Skill      XL: |  1  2  3  4  5  6  7  8  9 10 11 12 13 14 15 16 17 18 19 20 21 22 23 24 25 26 27 |
---------------+----------------------------------------------------------------------------------+-----
Fighting       | 3 4 5 6 7 8 9 10 11 13 14 15 16 18 19 20 21 23 25 27 | 27.0
Axes           | 3 4 5 6 8 10 11 13 14 16 17 19 20 | 20.3
Shields        | 4 6 12 15 17 19 20 | 20.3
Armour         | 4 5 7 8 9 10 11 12 13 14 15 18 20 22 24 27 | 27.0
Invocations    | 1 3 6 7 9 10 12 13 14 15 19 | 19.8
Dodging        | 5 8 12 | 12.9
Throwing       | 4 |  4.6
Evocations     | 5 10 15 | 15.0
Spellcasting   | 7 |  7.7

Action                   |  1- 3 |  4- 6 |  7- 9 | 10-12 | 13-15 | 16-18 | 19-21 | 22-24 | 25-27 || total
-------------------------+-------+-------+-------+-------+-------+-------+-------+-------+-------++-------
Melee: War axe           |    93 |   181 |   369 |   268 |       |       |       |       |       ||   911
       Broad axe         |       |       |       |   306 |   871 |   777 |  1346 |  1461 |  2352 ||  7113
       Battleaxe         |       |       |       |       |   414 |   844 |       |       |       ||  1258
       Peck              |       |       |       |       |       |       |       |       |   686 ||   686
       Headbutt          |       |       |       |       |       |       |       |       |   713 ||   713
Throw: Tomahawk          |     2 |    49 |    68 |   105 |   252 |   105 |    71 |   231 |    97 ||   980
       Javelin           |       |     2 |     3 |     5 |     7 |       |       |       |       ||    17
Invok: Minor Destruction |       |       |     3 |    11 |     8 |    21 |       |       |       ||    43
       Lesser Servant of |       |       |       |     6 |     9 |     2 |       |       |       ||    17
       Major Destruction |       |       |       |     5 |     9 |    25 |     1 |     3 |       ||    43
       Greater Servant o |       |       |       |       |     2 |     3 |     1 |     1 |       ||     7
       Divine Shield     |       |       |       |       |       |       |       |       |     6 ||     6
       Brand Weapon With |       |       |       |       |       |       |       |       |     1 ||     1
       Cleansing Flame   |       |       |       |       |       |       |       |       |     3 ||     3
 Abil: Heal Wounds       |     1 |     4 |    15 |     7 |    27 |    35 |     3 |       |     5 ||    97
Evoke: Wand              |       |       |       |     7 |     3 |    13 |     1 |       |       ||    24
  Use: Scroll            |       |     2 |    15 |     9 |    19 |    15 |    18 |     8 |    12 ||    98
       Potion            |       |       |     3 |       |     8 |    14 |     2 |     5 |    16 ||    48
 Stab: Distracted        |       |       |       |     1 |     5 |     2 |       |     1 |       ||     9
       Invisible         |       |       |       |       |       |     8 |       |       |       ||     8
       Petrified         |       |       |       |       |       |       |       |     3 |       ||     3
       Petrifying        |       |       |       |       |       |       |       |     2 |       ||     2
  Eat: Chunk             |       |     8 |    13 |    16 |    25 |    19 |    23 |    15 |    11 ||   130
       Ration            |       |       |       |     1 |     2 |     8 |     1 |     4 |     8 ||    24
Armor: Scale mail        |    34 |    15 |       |       |       |       |       |       |       ||    49
       Chain mail        |       |    50 |       |       |       |       |       |   105 |    61 ||   216
       Plate armour      |       |    20 |   303 |   399 |   923 |  1445 |   599 |       |       ||  3689
       Gold dragon scale |       |       |       |       |       |       |    62 |   601 |   924 ||  1587
Dodge: Dodged            |    31 |    44 |   133 |   166 |   401 |   949 |   433 |   520 |   883 ||  3560
Block: Shield            |    53 |       |       |       |       |       |       |   814 |  1779 ||  2646
       Large shield      |       |    78 |       |       |       |   314 |  1512 |   319 |       ||  2223
       Buckler           |       |    21 |    91 |   125 |   157 |   130 |       |       |       ||   524
       Reflection        |       |       |       |       |       |       |       |    32 |    19 ||    51

Table legend:
 A = Non-vault XP
 B = Vault XP
 C = Vault XP percentage of total XP
 D = Non-vault monster count
 E = Vault monster count
 F = Vault count percentage of total count
                 A         B        C        D         E       F
            +---------+---------+-------+---------+---------+-------
      Total | 1222459 |  842532 |  40.8 |    2435 |    1077 |  30.7
            +---------+---------+-------+---------+---------+-------
        D:1 |      43 |       7 |  14.0 |      24 |       4 |  14.3
        D:2 |     134 |       0 |   0.0 |      22 |       0 |   0.0
        D:3 |      33 |       0 |   0.0 |      14 |       0 |   0.0
        D:4 |     452 |       0 |   0.0 |      22 |       0 |   0.0
        D:5 |     446 |       0 |   0.0 |      13 |       0 |   0.0
        D:6 |     962 |       0 |   0.0 |      29 |       0 |   0.0
        D:7 |    1100 |     603 |  35.4 |      25 |       5 |  16.7
        D:8 |     568 |     133 |  19.0 |      14 |       1 |   6.7
        D:9 |    3595 |     963 |  21.1 |      29 |      10 |  25.6
       D:10 |    2964 |       0 |   0.0 |      22 |       0 |   0.0
       D:11 |    6707 |     442 |   6.2 |      44 |       1 |   2.2
       D:12 |    8392 |    1184 |  12.4 |      50 |      28 |  35.9
       D:13 |    5492 |    3059 |  35.8 |      26 |       6 |  18.8
       D:14 |   14501 |    7591 |  34.4 |      42 |      13 |  23.6
       D:15 |   10327 |    3156 |  23.4 |      20 |       4 |  16.7
     Lair:1 |    6062 |    2719 |  31.0 |      28 |       6 |  17.6
     Lair:2 |    3862 |    3705 |  49.0 |      13 |       5 |  27.8
     Lair:3 |    2038 |    3913 |  65.8 |      14 |      11 |  44.0
     Lair:4 |    5806 |     705 |  10.8 |      28 |      18 |  39.1
     Lair:5 |    9569 |    4738 |  33.1 |      31 |      11 |  26.2
     Lair:6 |    6087 |    9803 |  61.7 |      19 |      21 |  52.5
   Shoals:1 |   11204 |     445 |   3.8 |      21 |       4 |  16.0
   Shoals:2 |    8894 |   17071 |  65.7 |      20 |      24 |  54.5
   Shoals:3 |   14138 |     960 |   6.4 |      23 |       1 |   4.2
   Shoals:4 |    9217 |    8804 |  48.9 |      20 |      13 |  39.4
   Spider:1 |   17551 |    8580 |  32.8 |      53 |      15 |  22.1
   Spider:2 |   14660 |    6345 |  30.2 |      39 |       9 |  18.8
   Spider:3 |   13397 |    1735 |  11.5 |      37 |       6 |  14.0
   Spider:4 |   15084 |   34396 |  69.5 |      32 |      69 |  68.3
    Slime:1 |   18686 |       0 |   0.0 |      41 |       0 |   0.0
    Slime:2 |   11674 |       0 |   0.0 |      17 |       0 |   0.0
    Slime:3 |   19003 |       0 |   0.0 |      32 |       0 |   0.0
    Slime:4 |   19304 |       0 |   0.0 |      26 |       0 |   0.0
    Slime:5 |    8635 |   31692 |  78.6 |      14 |      12 |  46.2
      Orc:1 |    4594 |       0 |   0.0 |      36 |       0 |   0.0
      Orc:2 |    2964 |   11277 |  79.2 |      38 |      64 |  62.7
      Elf:1 |    8249 |    1682 |  16.9 |      12 |       3 |  20.0
   Vaults:1 |   33381 |    4672 |  12.3 |      77 |      18 |  18.9
   Vaults:2 |   28914 |   10931 |  27.4 |      58 |      25 |  30.1
   Vaults:3 |   34554 |   24541 |  41.5 |      70 |      26 |  27.1
   Vaults:4 |   25012 |   22978 |  47.9 |      47 |      37 |  44.0
   Vaults:5 |   18455 |  126782 |  87.3 |      32 |      86 |  72.9
    Crypt:1 |   29832 |    8955 |  23.1 |      53 |       3 |   5.4
    Crypt:2 |   36197 |       0 |   0.0 |      42 |       0 |   0.0
    Crypt:3 |       0 |   81257 | 100.0 |       0 |     125 | 100.0
   Depths:1 |   28470 |   15664 |  35.5 |      38 |      15 |  28.3
   Depths:2 |   43459 |   10611 |  19.6 |      52 |      13 |  20.0
   Depths:3 |   35030 |   34715 |  49.8 |      37 |      18 |  32.7
   Depths:4 |   37277 |   56428 |  60.2 |      33 |      30 |  47.6
   Depths:5 |   23701 |   16388 |  40.9 |      24 |      12 |  33.3
       Hell |   33743 |   42639 |  55.8 |      46 |      65 |  58.6
      Dis:1 |   17523 |       0 |   0.0 |      41 |       0 |   0.0
      Dis:2 |   30251 |       0 |   0.0 |      58 |       0 |   0.0
      Dis:3 |   23176 |   19241 |  45.4 |      31 |      16 |  34.0
      Dis:4 |   30869 |    1267 |   3.9 |      46 |       3 |   6.1
      Dis:5 |   43799 |    9793 |  18.3 |      71 |      24 |  25.3
      Dis:6 |   44488 |       0 |   0.0 |      49 |       0 |   0.0
      Dis:7 |   34618 |   86723 |  71.5 |      51 |      51 |  50.0
      Coc:1 |   61142 |       0 |   0.0 |      89 |       0 |   0.0
      Coc:2 |   25968 |       0 |   0.0 |      44 |       0 |   0.0
      Coc:3 |   23367 |       0 |   0.0 |      46 |       0 |   0.0
      Coc:4 |   37653 |       0 |   0.0 |      57 |       0 |   0.0
      Coc:5 |   21749 |     674 |   3.0 |      21 |       3 |  12.5
      Coc:6 |   28933 |       0 |   0.0 |      33 |       0 |   0.0
      Coc:7 |   47043 |   81893 |  63.5 |      79 |      70 |  47.0
    Abyss:1 |    1144 |     751 |  39.6 |       2 |       1 |  33.3
    Abyss:2 |    7370 |       0 |   0.0 |      10 |       0 |   0.0
    Abyss:3 |   20091 |       0 |   0.0 |      45 |       0 |   0.0
    Abyss:4 |   28856 |    9801 |  25.4 |      63 |      20 |  24.1
     Bailey |       0 |     553 | 100.0 |       0 |       1 | 100.0
      IceCv |       0 |    9567 | 100.0 |       0 |      51 | 100.0
            +---------+---------+-------+---------+---------+-------

Vault maps used:
D:1:      lightli_arrival_lavapool, serial_bayou_pond_c, minmay_tromino_v7
D:2:      overflow_temple_1_default, lemuel_round_altar,
          nemelex_xobeh_ov_fountains_minmay, nicolae_ashenzari_panopticon
D:3:      tgw_fedhas, lightli_corner_chamber
D:4:      overflow_temple_1_default, minmay_temple_entry_nine_rooms,
          first_ration, hangedman_abyss_or_decor_stabs
D:5:      lemuel_coloured_pillars_altar
D:6:      lemuel_round_altar, minitemple, gammafunk_ghost_nasty_kobolds
D:7:      kennysheep_mini_moat, nicolae_overflow_hidden_temple, enter_bailey_3
D:8:      overflow_temple_1_default, marbit_many_paths, old_standard_altar
D:9:      fiery_altar_vehumet, due_lair_maze_entry_diamond
D:10:     cheibrodos_histonic, serial_shops, shop
D:11:     uniq_sonja
D:12:     minmay_goldmine, minmay_orc_entry_temple_large
D:13:     minmay_coctagon, uniq_snorg
D:14:     ximxim_vaults_locker_room, the_bakery, minmay_misc_feat_rows,
          uniq_rupert
D:15:     hangedman_depths_entry_try_elsewhere_first, small_statue_alley_a,
          uniq_roxanne
Temple:   corrupted_temple
Lair:1:   minivault_26, st_stairs_12, kennysheep_snail_temple,
          serial_bayou_shore_a, uniq_joseph, uniq_fannar
Lair:2:   minmay_shoals_entry_beasts, gammafunk_ghost_hydra_chop, minivault_19
Lair:3:   spider_nest_entry_webs, st_stairs_8, grunt_megastairs_4,
          uniq_gastronok
Lair:4:   ebering_ghost_disaster_area, kennysheep_abandoned_house
Lair:5:   uniq_josephine, uniq_kirke
Lair:6:   hangedman_lair_in_review, minmay_slime_entry_oklob_enclosed
Shoals:1: nicolae_shoals_stone_sculpture_thing, lemuel_centaur_altar
Shoals:2: gammafunk_ghost_berserking_beasts, regret_index_shoals_crete,
          uniq_polyphemus, uniq_ilsuiw
Shoals:3: nicolae_island_escapes
Shoals:4: shoals_end_hangedman
Spider:1: nicolae_spider_hall_of_the_moth_king,
          portal_ice_cave_entry_ice_statue_two
Spider:2: nicolae_spider_shape, uniq_nikola
Spider:3: einodemon_crawler_minivault
Spider:4: floodkiller_spider_rune_tomb
Orc:1:    basic_altar
Orc:2:    st_orc_pillars, basic_altar, okawaru_metal_pillars_1_2, uniq_urug
Elf:1:    elf_arrival_001, serial_sigils, serial_sigils_hangedman_quiver,
          serial_sigils_hangedman_gut, serial_sigils_hangedman_gut,
          serial_sigils_hangedman_shear, minivault_28
Vaults:1: ontoclasm_vaults_hangar, nicolae_vaults_mini_display_case,
          vaults_room_fours, v_misc_13, v_misc_33, v_misc_11, basic_altar
Vaults:2: v_misc_1, hangedman_vaults_unwind, vaults_room_fours,
          vaults_dpeg_spiral, grunt_vaults_swirl, ontoclasm_vaults_pinch,
          ontoclasm_vaults_gateway, hangedman_vaults_restitches,
          ontoclasm_vaults_shuriken, vaults_mumra_hexcomb,
          nicolae_vaults_asterisk, ontoclasm_vaults_twist
Vaults:3: hangedman_vaults_nodes, v_misc_22, v_misc_22,
          nicolae_vaults_little_ls, minmay_crypt_entry_vampire_xt,
          vaults_mumra_minichess_inversion,
          nicolae_vaults_windows_and_doors_thing, v_misc_26, v_misc_23,
          serial_shops, shop, uniq_mennas
Vaults:4: v_alt_pattern_3, vaults_dpeg_cross, hangedman_vaults_corner_blocks,
          v_misc_2, v_pattern_1, v_misc_27, nicolae_vaults_an_arrangement,
          ontoclasm_vaults_chip, vaults_room_boxed, v_misc_3,
          ontoclasm_vaults_idyll, nicolae_vaults_little_squares_2,
          nicolae_vaults_bisected_slash, ontoclasm_vaults_loading_screen,
          serial_shops, shop
Crypt:1:  serial_corexii_hall, chequers_hall_statues_corner_a,
          corexii_hall_statues_s, grunt_crypt_arrival_webbed, uniq_sojobo
Crypt:3:  grunt_crypt_end_deaths_head
Depths:1: lightli_too_deep, hangedman_decor_clover_reticule,
          serial_bayou_pond_e, minmay_misc_feat_more_columns,
          minmay_fractal_squares_gapless_7
Depths:2: cheibrodos_birdhouse, enter_ziggurat_d, rand_demon_pan_entry_7,
          hell_entry, abyss_entry_crystal
Depths:3: minmay_stepped, abyss_entry, serial_bayou_pond_d,
          grunt_hell_entry_dis_grunt, pan_entry, st_stairs_6,
          minmay_misc_feat_ornament, kennysheep_minor_cross,
          kennysheep_random_hallway
Depths:4: grunt_arcs, serial_shops, shop, hell_entry, roderic_serpentine_path,
          abyss_entry, minivault_11, nicolae_transmutations_shop
Depths:5: evilmike_zot_entry_round, pan_entry, hell_entry,
          hangedman_abyss_entry_splay, serial_shops,
          nicolae_shop_window_shopping
Dis:3:    grunt_deathspiral_small
Dis:4:    grunt_megastairs_1
Dis:5:    evilmike_ambush
Dis:6:    hangedman_dis_decor_tower
Dis:7:    iron_city_of_dis
Coc:5:    serial_ice, serial_ice_c, serial_ice_o
Coc:7:    coc_hangedman
Abyss:1:  hangedman_decor_peaks_small
Abyss:3:  minivault_28, hangedman_decor_riveting, hangedman_steaming_rock
Abyss:4:  hangedman_shadowy_showcase, dshaligram_kb_abyss_rune_zappy_water_cross
Bailey:   bailey_polearm_3, bailey
IceCv:    ice_cave_caverns_03

Table legend:
 A = Turns spent in this place as a percentage of turns spent in the entire game.
 B = Non-inter-level travel turns spent in this place as a percentage of non-inter-level travel turns spent in the entire game.
 C = Inter-level travel turns spent in this place as a percentage of turns spent in this place.
 D = Turns resting spent in this place as a percentage of non-inter-level travel turns spent in this place.
 E = Turns spent auto-exploring this place as a percentage of non-inter-level travel turns spent in this place.
 F = Non-inter-level travel turns spent in this place divided by the number of levels of this place that you've seen.
                   A       B       C       D       E      F
               +-------+-------+-------+-------+-------+----------------------
         Total | 100.0 | 100.0 |  11.6 |   9.7 |  49.0 | 736.2
       Dungeon |  26.5 |  24.4 |  18.9 |  12.6 |  61.6 | 872.5
        Temple |   0.0 |   0.0 |  52.0 |   0.0 |  58.3 |  12.0
          Lair |  11.9 |  11.6 |  14.1 |   9.9 |  66.9 | 1037.2
        Shoals |   5.2 |   5.6 |   4.8 |  14.7 |  32.7 | 748.0
   Spider Nest |   9.4 |   9.5 |  10.3 |  25.4 |  26.8 | 1283.0
    Slime Pits |   4.0 |   4.2 |   7.8 |   7.9 |  58.2 | 453.4
  Orcish Mines |   3.0 |   2.9 |  15.8 |   6.7 |  55.1 | 767.5
   Elven Halls |   0.5 |   0.3 |  51.6 |   0.0 |  23.8 | 151.0
        Vaults |  13.2 |  13.2 |  11.7 |   8.2 |  55.3 | 1418.6
         Crypt |   4.0 |   4.3 |   5.0 |   1.0 |  50.0 | 765.0
        Depths |   7.9 |   8.2 |   8.0 |   0.7 |  61.4 | 885.6
          Hell |   1.2 |   1.3 |   3.6 |   0.0 |  53.2 | 678.0
           Dis |   5.3 |   5.8 |   3.1 |   4.4 |  12.9 | 442.7
       Cocytus |   4.7 |   5.3 |   0.4 |   1.6 |  13.9 | 407.6
         Abyss |   1.8 |   2.0 |   0.0 |   0.2 |  22.2 | 216.4
        Bailey |   0.1 |   0.1 |   0.0 |   0.0 |  13.2 |  53.0
      Ice Cave |   1.3 |   1.4 |   0.0 |  14.2 |  42.9 | 765.0
               +-------+-------+-------+-------+-------+----------------------

Table legend:
 A = Kills in this place as a percentage of kills in entire the game.
 B = Kills by you in this place as a percentage of kills by you in the entire game.
 C = Kills by friends in this place as a percentage of kills by friends in the entire game.
 D = Other kills in this place as a percentage of other kills in the entire game.
 E = Experience gained in this place as a percentage of experience gained in the entire game.
 F = Experience gained in this place divided by the number of levels of this place that you have seen.
                   A       B       C       D       E      F
               +-------+-------+-------+-------+-------+----------------------
         Total | 100.0 | 100.0 | 100.0 | 100.0 | 100.0 | 28287.5
       Dungeon |  13.3 |  13.4 |   7.7 |   7.1 |   3.5 | 4856.9
          Lair |   5.8 |   5.6 |  46.2 |   0.0 |   2.9 | 9834.5
        Shoals |   3.6 |   3.5 |  11.5 |   7.1 |   3.4 | 17683.2
   Spider Nest |   7.4 |   7.3 |  11.5 |  14.3 |   5.4 | 27937.0
    Slime Pits |   4.0 |   4.1 |   3.8 |   0.0 |   5.3 | 21798.8
  Orcish Mines |   3.9 |   4.0 |   0.0 |   0.0 |   0.9 | 9417.5
   Elven Halls |   0.4 |   0.4 |   0.0 |   0.0 |   0.5 | 9931.0
        Vaults |  13.6 |  13.6 |  15.4 |   7.1 |  16.0 | 66044.0
         Crypt |   6.3 |   6.4 |   0.0 |   0.0 |   7.6 | 52080.3
        Depths |   7.7 |   7.7 |   0.0 |  35.7 |  14.6 | 60348.6
          Hell |   3.2 |   3.2 |   0.0 |   7.1 |   3.7 | 76382.0
           Dis |  12.6 |  12.7 |   0.0 |   0.0 |  16.5 | 48821.1
       Cocytus |  12.6 |  12.7 |   0.0 |   7.1 |  15.9 | 46917.4
         Abyss |   4.0 |   4.0 |   0.0 |  14.3 |   3.3 | 13602.6
        Bailey |   0.0 |   0.0 |   0.0 |   0.0 |   0.0 | 553.0
      Ice Cave |   1.5 |   1.4 |   3.8 |   0.0 |   0.5 | 9567.0
               +-------+-------+-------+-------+-------+----------------------
